Workbook

Sheet Calculadora
B2: Independencia financiera | D2: Plantilla de skilio.com/calculadoras/independencia-financiera/
B3: A qué edad podrías vivir de tus inversiones.
B4: Cambia las celdas naranjas. Todo lo demás se calcula solo.
B6: Tus datos
B7: Tu edad | C7: 36
B8: Lo que ingresas al año (neto) | C8: 25000 | D8: Lo que te llega a la cuenta en un año, ya sin impuestos.
B9: Lo que gastas al año | C9: 15000 | D9: Si lo sabes al mes, multiplícalo por 12.
B10: Dinero que ya tienes invertido o ahorrado | C10: 20000
B11: Rentabilidad anual esperada | C11: 0.05 | D11: Antes de la inflación. Un 5 % es una cifra prudente.
B12: Inflación anual | C12: 0.02 | D12: Cuánto suben tus gastos cada año.
B13: Subida anual de tus ingresos | C13: 0.01
B14: Impuesto sobre las ganancias | C14: 0 | D14: Se resta de lo que ganan tus inversiones cada año.
B15: Que el dinero te dure hasta los | C15: 95
B16: Cuándo consideras que ya eres independiente | C16: Cuando el dinero me dure toda la vida
B17: Con la regla: parte de tu dinero que sacarías al año | C17: 0.04
B19: Opcional: un gasto y un ingreso de unos años (con precios de hoy)
B20: Gasto extra al año | C20: 0 | D20: Por ejemplo, los estudios de tus hijos.
B21: Desde los (años) | C21: 45
B22: Hasta los (años) | C22: 55
B23: Ingreso extra al año | C23: 0 | D23: Por ejemplo, la pensión pública o un alquiler.
B24: Desde los (años) | C24: 67
B25: Hasta los (años) | C25: 95
B27: Datos que se calculan
B28: Años que calcula la plantilla | C28: =MAX(0,ROUND($C$15-$C$7,0)) -> 59
B29: Rentabilidad neta de impuestos | C29: =IF($C$11>0,$C$11*(1-$C$14),$C$11) -> 0.05
B30: Años hasta que lo consigues | C30: =IFERROR(MATCH("Sí",'Año a año'!$H$7:$H$111,0)-1,"No llegas") -> 26
B32: Resultados
B33: Podrías vivir de tus inversiones a los | C33: =IF(ISNUMBER($C$30),$C$7+$C$30&" años","No antes de los "&$C$15) -> 62 años
B34: Dinero que habrás reunido (en dinero de hoy) | C34: =IF(ISNUMBER($C$30),INDEX('Año a año'!$F$7:$F$111,$C$30+1)/(1+$C$12)^$C$30,"") -> 324334.01
B35: Dinero que habrás reunido (en dinero de entonces) | C35: =IF(ISNUMBER($C$30),INDEX('Año a año'!$F$7:$F$111,$C$30+1),"") -> 542746.4
B36: Ahorras al año | C36: =$C$8-$C$9 -> 10000
B37: Tu tasa de ahorro | C37: =IF($C$8>0,($C$8-$C$9)/$C$8,"") -> 0.4
B38: Lo que pide la regla del 4 % (25 veces tus gastos) | C38: =$C$9/0.04 -> 375000
B39: Tus gastos al año cuando lo consigas (dinero de entonces) | C39: =IF(ISNUMBER($C$30),INDEX('Año a año'!$D$7:$D$111,$C$30+1),"") -> 25101.272
B40: Te quedaría al final (dinero de hoy) | C40: =IF(ISNUMBER($C$30),INDEX('Año a año'!$K$7:$K$111,$C$28),"") -> 2706.065

Sheet Año a año
B2: Año a año
B3: Columnas F-H: si sigues trabajando. Columnas I-K: tu camino (trabajas hasta que lo consigues y después vives de tus inversiones).
B4: Plantilla de skilio.com/calculadoras/independencia-financiera/
A6: Año | B6: Edad | C6: Ingresos del trabajo | D6: Gastos | E6: Ingresos extra | F6: Capital al empezar el año (si sigues trabajando) | G6: Capital que necesitas para dejar de trabajar | H6: ¿Puedes dejarlo? | I6: Capital al empezar el año (tu camino) | J6: Capital al acabar el año (tu camino) | K6: Al acabar el año, en dinero de hoy
A7: =IF(0<'Calculadora'!$C$28,0,"") -> 0 | B7: =IF(A7="","",'Calculadora'!$C$7+A7) -> 36 | C7: =IF(A7="","",'Calculadora'!$C$8*(1+'Calculadora'!$C$13)^A7) -> 25000 | D7: =IF(A7="","",('Calculadora'!$C$9+IF(AND(B7>='Calculadora'!$C$21,B7<='Calculadora'!$C$22),'Calculadora'!$C$20,0))*(1+'Calculadora'!$C$12)^A7) -> 15000 | E7: =IF(A7="","",IF(AND(B7>='Calculadora'!$C$24,B7<='Calculadora'!$C$25),'Calculadora'!$C$23,0)*(1+'Calculadora'!$C$12)^A7) -> 0 | F7: =IF(A7="","",'Calculadora'!$C$10) -> 20000 | G7: =IF(A7="","",D7-E7+IF(A8="",0,MAX(0,G8/(1+'Calculadora'!$C$29)))) -> 430070.59 | H7: =IF(A7="","",IF('Calculadora'!$C$16="Con la regla del 4 %",IF(F7*'Calculadora'!$C$17>=D7-E7-1E-9,"Sí","No"),IF(F7>=G7-0.005,"Sí","No"))) -> No | I7: =IF(A7="","",'Calculadora'!$C$10) -> 20000 | J7: =IF(A7="","",IF(A7<IF(ISNUMBER('Calculadora'!$C$30),'Calculadora'!$C$30,'Calculadora'!$C$28),I7*(1+'Calculadora'!$C$29)+C7+E7-D7,MAX(0,I7-D7+E7)*(1+'Calculadora'!$C$29))) -> 31000 | K7: =IF(A7="","",J7/(1+'Calculadora'!$C$12)^(A7+1)) -> 30392.157
A8: =IF(1<'Calculadora'!$C$28,1,"") -> 1 | B8: =IF(A8="","",'Calculadora'!$C$7+A8) -> 37 | C8: =IF(A8="","",'Calculadora'!$C$8*(1+'Calculadora'!$C$13)^A8) -> 25250 | D8: =IF(A8="","",('Calculadora'!$C$9+IF(AND(B8>='Calculadora'!$C$21,B8<='Calculadora'!$C$22),'Calculadora'!$C$20,0))*(1+'Calculadora'!$C$12)^A8) -> 15300 | E8: =IF(A8="","",IF(AND(B8>='Calculadora'!$C$24,B8<='Calculadora'!$C$25),'Calculadora'!$C$23,0)*(1+'Calculadora'!$C$12)^A8) -> 0 | F8: =IF(A8="","",F7*(1+'Calculadora'!$C$29)+C7+E7-D7) -> 31000 | G8: =IF(A8="","",D8-E8+IF(A9="",0,MAX(0,G9/(1+'Calculadora'!$C$29)))) -> 435824.12 | H8: =IF(A8="","",IF('Calculadora'!$C$16="Con la regla del 4 %",IF(F8*'Calculadora'!$C$17>=D8-E8-1E-9,"Sí","No"),IF(F8>=G8-0.005,"Sí","No"))) -> No | I8: =IF(A8="","",J7) -> 31000 | J8: =IF(A8="","",IF(A8<IF(ISNUMBER('Calculadora'!$C$30),'Calculadora'!$C$30,'Calculadora'!$C$28),I8*(1+'Calculadora'!$C$29)+C8+E8-D8,MAX(0,I8-D8+E8)*(1+'Calculadora'!$C$29))) -> 42500 | K8: =IF(A8="","",J8/(1+'Calculadora'!$C$12)^(A8+1)) -> 40849.673
A9: =IF(2<'Calculadora'!$C$28,2,"") -> 2 | B9: =IF(A9="","",'Calculadora'!$C$7+A9) -> 38 | C9: =IF(A9="","",'Calculadora'!$C$8*(1+'Calculadora'!$C$13)^A9) -> 25502.5 | D9: =IF(A9="","",('Calculadora'!$C$9+IF(AND(B9>='Calculadora'!$C$21,B9<='Calculadora'!$C$22),'Calculadora'!$C$20,0))*(1+'Calculadora'!$C$12)^A9) -> 15606 | E9: =IF(A9="","",IF(AND(B9>='Calculadora'!$C$24,B9<='Calculadora'!$C$25),'Calculadora'!$C$23,0)*(1+'Calculadora'!$C$12)^A9) -> 0 | F9: =IF(A9="","",F8*(1+'Calculadora'!$C$29)+C8+E8-D8) -> 42500 | G9: =IF(A9="","",D9-E9+IF(A10="",0,MAX(0,G10/(1+'Calculadora'!$C$29)))) -> 441550.32 | H9: =IF(A9="","",IF('Calculadora'!$C$16="Con la regla del 4 %",IF(F9*'Calculadora'!$C$17>=D9-E9-1E-9,"Sí","No"),IF(F9>=G9-0.005,"Sí","No"))) -> No | I9: =IF(A9="","",J8) -> 42500 | J9: =IF(A9="","",IF(A9<IF(ISNUMBER('Calculadora'!$C$30),'Calculadora'!$C$30,'Calculadora'!$C$28),I9*(1+'Calculadora'!$C$29)+C9+E9-D9,MAX(0,I9-D9+E9)*(1+'Calculadora'!$C$29))) -> 54521.5 | K9: =IF(A9="","",J9/(1+'Calculadora'!$C$12)^(A9+1)) -> 51376.827
A10: =IF(3<'Calculadora'!$C$28,3,"") -> 3 | B10: =IF(A10="","",'Calculadora'!$C$7+A10) -> 39 | C10: =IF(A10="","",'Calculadora'!$C$8*(1+'Calculadora'!$C$13)^A10) -> 25757.525 | D10: =IF(A10="","",('Calculadora'!$C$9+IF(AND(B10>='Calculadora'!$C$21,B10<='Calculadora'!$C$22),'Calculadora'!$C$20,0))*(1+'Calculadora'!$C$12)^A10) -> 15918.12 | E10: =IF(A10="","",IF(AND(B10>='Calculadora'!$C$24,B10<='Calculadora'!$C$25),'Calculadora'!$C$23,0)*(1+'Calculadora'!$C$12)^A10) -> 0 | F10: =IF(A10="","",F9*(1+'Calculadora'!$C$29)+C9+E9-D9) -> 54521.5 | G10: =IF(A10="","",D10-E10+IF(A11="",0,MAX(0,G11/(1+'Calculadora'!$C$29)))) -> 447241.54 | H10: =IF(A10="","",IF('Calculadora'!$C$16="Con la regla del 4 %",IF(F10*'Calculadora'!$C$17>=D10-E10-1E-9,"Sí","No"),IF(F10>=G10-0.005,"Sí","No"))) -> No | I10: =IF(A10="","",J9) -> 54521.5 | J10: =IF(A10="","",IF(A10<IF(ISNUMBER('Calculadora'!$C$30),'Calculadora'!$C$30,'Calculadora'!$C$28),I10*(1+'Calculadora'!$C$29)+C10+E10-D10,MAX(0,I10-D10+E10)*(1+'Calculadora'!$C$29))) -> 67086.98 | K10: =IF(A10="","",J10/(1+'Calculadora'!$C$12)^(A10+1)) -> 61978
A11: =IF(4<'Calculadora'!$C$28,4,"") -> 4 | B11: =IF(A11="","",'Calculadora'!$C$7+A11) -> 40 | C11: =IF(A11="","",'Calculadora'!$C$8*(1+'Calculadora'!$C$13)^A11) -> 26015.1 | D11: =IF(A11="","",('Calculadora'!$C$9+IF(AND(B11>='Calculadora'!$C$21,B11<='Calculadora'!$C$22),'Calculadora'!$C$20,0))*(1+'Calculadora'!$C$12)^A11) -> 16236.482 | E11: =IF(A11="","",IF(AND(B11>='Calculadora'!$C$24,B11<='Calculadora'!$C$25),'Calculadora'!$C$23,0)*(1+'Calculadora'!$C$12)^A11) -> 0 | F11: =IF(A11="","",F10*(1+'Calculadora'!$C$29)+C10+E10-D10) -> 67086.98 | G11: =IF(A11="","",D11-E11+IF(A12="",0,MAX(0,G12/(1+'Calculadora'!$C$29)))) -> 452889.59 | H11: =IF(A11="","",IF('Calculadora'!$C$16="Con la regla del 4 %",IF(F11*'Calculadora'!$C$17>=D11-E11-1E-9,"Sí","No"),IF(F11>=G11-0.005,"Sí","No"))) -> No | I11: =IF(A11="","",J10) -> 67086.98 | J11: =IF(A11="","",IF(A11<IF(ISNUMBER('Calculadora'!$C$30),'Calculadora'!$C$30,'Calculadora'!$C$28),I11*(1+'Calculadora'!$C$29)+C11+E11-D11,MAX(0,I11-D11+E11)*(1+'Calculadora'!$C$29))) -> 80219.947 | K11: =IF(A11="","",J11/(1+'Calculadora'!$C$12)^(A11+1)) -> 72657.677
A12: =IF(5<'Calculadora'!$C$28,5,"") -> 5 | B12: =IF(A12="","",'Calculadora'!$C$7+A12) -> 41 | C12: =IF(A12="","",'Calculadora'!$C$8*(1+'Calculadora'!$C$13)^A12) -> 26275.251 | D12: =IF(A12="","",('Calculadora'!$C$9+IF(AND(B12>='Calculadora'!$C$21,B12<='Calculadora'!$C$22),'Calculadora'!$C$20,0))*(1+'Calculadora'!$C$12)^A12) -> 16561.212 | E12: =IF(A12="","",IF(AND(B12>='Calculadora'!$C$24,B12<='Calculadora'!$C$25),'Calculadora'!$C$23,0)*(1+'Calculadora'!$C$12)^A12) -> 0 | F12: =IF(A12="","",F11*(1+'Calculadora'!$C$29)+C11+E11-D11) -> 80219.947 | G12: =IF(A12="","",D12-E12+IF(A13="",0,MAX(0,G13/(1+'Calculadora'!$C$29)))) -> 458485.76 | H12: =IF(A12="","",IF('Calculadora'!$C$16="Con la regla del 4 %",IF(F12*'Calculadora'!$C$17>=D12-E12-1E-9,"Sí","No"),IF(F12>=G12-0.005,"Sí","No"))) -> No | I12: =IF(A12="","",J11) -> 80219.947 | J12: =IF(A12="","",IF(A12<IF(ISNUMBER('Calculadora'!$C$30),'Calculadora'!$C$30,'Calculadora'!$C$28),I12*(1+'Calculadora'!$C$29)+C12+E12-D12,MAX(0,I12-D12+E12)*(1+'Calculadora'!$C$29))) -> 93944.983 | K12: =IF(A12="","",J12/(1+'Calculadora'!$C$12)^(A12+1)) -> 83420.457
A13: =IF(6<'Calculadora'!$C$28,6,"") -> 6 | B13: =IF(A13="","",'Calculadora'!$C$7+A13) -> 42 | C13: =IF(A13="","",'Calculadora'!$C$8*(1+'Calculadora'!$C$13)^A13) -> 26538.004 | D13: =IF(A13="","",('Calculadora'!$C$9+IF(AND(B13>='Calculadora'!$C$21,B13<='Calculadora'!$C$22),'Calculadora'!$C$20,0))*(1+'Calculadora'!$C$12)^A13) -> 16892.436 | E13: =IF(A13="","",IF(AND(B13>='Calculadora'!$C$24,B13<='Calculadora'!$C$25),'Calculadora'!$C$23,0)*(1+'Calculadora'!$C$12)^A13) -> 0 | F13: =IF(A13="","",F12*(1+'Calculadora'!$C$29)+C12+E12-D12) -> 93944.983 | G13: =IF(A13="","",D13-E13+IF(A14="",0,MAX(0,G14/(1+'Calculadora'!$C$29)))) -> 464020.78 | H13: =IF(A13="","",IF('Calculadora'!$C$16="Con la regla del 4 %",IF(F13*'Calculadora'!$C$17>=D13-E13-1E-9,"Sí","No"),IF(F13>=G13-0.005,"Sí","No"))) -> No | I13: =IF(A13="","",J12) -> 93944.983 | J13: =IF(A13="","",IF(A13<IF(ISNUMBER('Calculadora'!$C$30),'Calculadora'!$C$30,'Calculadora'!$C$28),I13*(1+'Calculadora'!$C$29)+C13+E13-D13,MAX(0,I13-D13+E13)*(1+'Calculadora'!$C$29))) -> 108287.8 | K13: =IF(A13="","",J13/(1+'Calculadora'!$C$12)^(A13+1)) -> 94271.047
A14: =IF(7<'Calculadora'!$C$28,7,"") -> 7 | B14: =IF(A14="","",'Calculadora'!$C$7+A14) -> 43 | C14: =IF(A14="","",'Calculadora'!$C$8*(1+'Calculadora'!$C$13)^A14) -> 26803.384 | D14: =IF(A14="","",('Calculadora'!$C$9+IF(AND(B14>='Calculadora'!$C$21,B14<='Calculadora'!$C$22),'Calculadora'!$C$20,0))*(1+'Calculadora'!$C$12)^A14) -> 17230.285 | E14: =IF(A14="","",IF(AND(B14>='Calculadora'!$C$24,B14<='Calculadora'!$C$25),'Calculadora'!$C$23,0)*(1+'Calculadora'!$C$12)^A14) -> 0 | F14: =IF(A14="","",F13*(1+'Calculadora'!$C$29)+C13+E13-D13) -> 108287.8 | G14: =IF(A14="","",D14-E14+IF(A15="",0,MAX(0,G15/(1+'Calculadora'!$C$29)))) -> 469484.76 | H14: =IF(A14="","",IF('Calculadora'!$C$16="Con la regla del 4 %",IF(F14*'Calculadora'!$C$17>=D14-E14-1E-9,"Sí","No"),IF(F14>=G14-0.005,"Sí","No"))) -> No | I14: =IF(A14="","",J13) -> 108287.8 | J14: =IF(A14="","",IF(A14<IF(ISNUMBER('Calculadora'!$C$30),'Calculadora'!$C$30,'Calculadora'!$C$28),I14*(1+'Calculadora'!$C$29)+C14+E14-D14,MAX(0,I14-D14+E14)*(1+'Calculadora'!$C$29))) -> 123275.29 | K14: =IF(A14="","",J14/(1+'Calculadora'!$C$12)^(A14+1)) -> 105214.27
A15: =IF(8<'Calculadora'!$C$28,8,"") -> 8 | B15: =IF(A15="","",'Calculadora'!$C$7+A15) -> 44 | C15: =IF(A15="","",'Calculadora'!$C$8*(1+'Calculadora'!$C$13)^A15) -> 27071.418 | D15: =IF(A15="","",('Calculadora'!$C$9+IF(AND(B15>='Calculadora'!$C$21,B15<='Calculadora'!$C$22),'Calculadora'!$C$20,0))*(1+'Calculadora'!$C$12)^A15) -> 17574.891 | E15: =IF(A15="","",IF(AND(B15>='Calculadora'!$C$24,B15<='Calculadora'!$C$25),'Calculadora'!$C$23,0)*(1+'Calculadora'!$C$12)^A15) -> 0 | F15: =IF(A15="","",F14*(1+'Calculadora'!$C$29)+C14+E14-D14) -> 123275.29 | G15: =IF(A15="","",D15-E15+IF(A16="",0,MAX(0,G16/(1+'Calculadora'!$C$29)))) -> 474867.2 | H15: =IF(A15="","",IF('Calculadora'!$C$16="Con la regla del 4 %",IF(F15*'Calculadora'!$C$17>=D15-E15-1E-9,"Sí","No"),IF(F15>=G15-0.005,"Sí","No"))) -> No | I15: =IF(A15="","",J14) -> 123275.29 | J15: =IF(A15="","",IF(A15<IF(ISNUMBER('Calculadora'!$C$30),'Calculadora'!$C$30,'Calculadora'!$C$28),I15*(1+'Calculadora'!$C$29)+C15+E15-D15,MAX(0,I15-D15+E15)*(1+'Calculadora'!$C$29))) -> 138935.58 | K15: =IF(A15="","",J15/(1+'Calculadora'!$C$12)^(A15+1)) -> 116255.08
A16: =IF(9<'Calculadora'!$C$28,9,"") -> 9 | B16: =IF(A16="","",'Calculadora'!$C$7+A16) -> 45 | C16: =IF(A16="","",'Calculadora'!$C$8*(1+'Calculadora'!$C$13)^A16) -> 27342.132 | D16: =IF(A16="","",('Calculadora'!$C$9+IF(AND(B16>='Calculadora'!$C$21,B16<='Calculadora'!$C$22),'Calculadora'!$C$20,0))*(1+'Calculadora'!$C$12)^A16) -> 17926.389 | E16: =IF(A16="","",IF(AND(B16>='Calculadora'!$C$24,B16<='Calculadora'!$C$25),'Calculadora'!$C$23,0)*(1+'Calculadora'!$C$12)^A16) -> 0 | F16: =IF(A16="","",F15*(1+'Calculadora'!$C$29)+C15+E15-D15) -> 138935.58 | G16: =IF(A16="","",D16-E16+IF(A17="",0,MAX(0,G17/(1+'Calculadora'!$C$29)))) -> 480156.92 | H16: =IF(A16="","",IF('Calculadora'!$C$16="Con la regla del 4 %",IF(F16*'Calculadora'!$C$17>=D16-E16-1E-9,"Sí","No"),IF(F16>=G16-0.005,"Sí","No"))) -> No | I16: =IF(A16="","",J15) -> 138935.58 | J16: =IF(A16="","",IF(A16<IF(ISNUMBER('Calculadora'!$C$30),'Calculadora'!$C$30,'Calculadora'!$C$28),I16*(1+'Calculadora'!$C$29)+C16+E16-D16,MAX(0,I16-D16+E16)*(1+'Calculadora'!$C$29))) -> 155298.1 | K16: =IF(A16="","",J16/(1+'Calculadora'!$C$12)^(A16+1)) -> 127398.53
A17: =IF(10<'Calculadora'!$C$28,10,"") -> 10 | B17: =IF(A17="","",'Calculadora'!$C$7+A17) -> 46 | C17: =IF(A17="","",'Calculadora'!$C$8*(1+'Calculadora'!$C$13)^A17) -> 27615.553 | D17: =IF(A17="","",('Calculadora'!$C$9+IF(AND(B17>='Calculadora'!$C$21,B17<='Calculadora'!$C$22),'Calculadora'!$C$20,0))*(1+'Calculadora'!$C$12)^A17) -> 18284.916 | E17: =IF(A17="","",IF(AND(B17>='Calculadora'!$C$24,B17<='Calculadora'!$C$25),'Calculadora'!$C$23,0)*(1+'Calculadora'!$C$12)^A17) -> 0 | F17: =IF(A17="","",F16*(1+'Calculadora'!$C$29)+C16+E16-D16) -> 155298.1 | G17: =IF(A17="","",D17-E17+IF(A18="",0,MAX(0,G18/(1+'Calculadora'!$C$29)))) -> 485342.06 | H17: =IF(A17="","",IF('Calculadora'!$C$16="Con la regla del 4 %",IF(F17*'Calculadora'!$C$17>=D17-E17-1E-9,"Sí","No"),IF(F17>=G17-0.005,"Sí","No"))) -> No | I17: =IF(A17="","",J16) -> 155298.1 | J17: =IF(A17="","",IF(A17<IF(ISNUMBER('Calculadora'!$C$30),'Calculadora'!$C$30,'Calculadora'!$C$28),I17*(1+'Calculadora'!$C$29)+C17+E17-D17,MAX(0,I17-D17+E17)*(1+'Calculadora'!$C$29))) -> 172393.64 | K17: =IF(A17="","",J17/(1+'Calculadora'!$C$12)^(A17+1)) -> 138649.84
A18: =IF(11<'Calculadora'!$C$28,11,"") -> 11 | B18: =IF(A18="","",'Calculadora'!$C$7+A18) -> 47 | C18: =IF(A18="","",'Calculadora'!$C$8*(1+'Calculadora'!$C$13)^A18) -> 27891.709 | D18: =IF(A18="","",('Calculadora'!$C$9+IF(AND(B18>='Calculadora'!$C$21,B18<='Calculadora'!$C$22),'Calculadora'!$C$20,0))*(1+'Calculadora'!$C$12)^A18) -> 18650.615 | E18: =IF(A18="","",IF(AND(B18>='Calculadora'!$C$24,B18<='Calculadora'!$C$25),'Calculadora'!$C$23,0)*(1+'Calculadora'!$C$12)^A18) -> 0 | F18: =IF(A18="","",F17*(1+'Calculadora'!$C$29)+C17+E17-D17) -> 172393.64 | G18: =IF(A18="","",D18-E18+IF(A19="",0,MAX(0,G19/(1+'Calculadora'!$C$29)))) -> 490410 | H18: =IF(A18="","",IF('Calculadora'!$C$16="Con la regla del 4 %",IF(F18*'Calculadora'!$C$17>=D18-E18-1E-9,"Sí","No"),IF(F18>=G18-0.005,"Sí","No"))) -> No | I18: =IF(A18="","",J17) -> 172393.64 | J18: =IF(A18="","",IF(A18<IF(ISNUMBER('Calculadora'!$C$30),'Calculadora'!$C$30,'Calculadora'!$C$28),I18*(1+'Calculadora'!$C$29)+C18+E18-D18,MAX(0,I18-D18+E18)*(1+'Calculadora'!$C$29))) -> 190254.42 | K18: =IF(A18="","",J18/(1+'Calculadora'!$C$12)^(A18+1)) -> 150014.31
A19: =IF(12<'Calculadora'!$C$28,12,"") -> 12 | B19: =IF(A19="","",'Calculadora'!$C$7+A19) -> 48 | C19: =IF(A19="","",'Calculadora'!$C$8*(1+'Calculadora'!$C$13)^A19) -> 28170.626 | D19: =IF(A19="","",('Calculadora'!$C$9+IF(AND(B19>='Calculadora'!$C$21,B19<='Calculadora'!$C$22),'Calculadora'!$C$20,0))*(1+'Calculadora'!$C$12)^A19) -> 19023.627 | E19: =IF(A19="","",IF(AND(B19>='Calculadora'!$C$24,B19<='Calculadora'!$C$25),'Calculadora'!$C$23,0)*(1+'Calculadora'!$C$12)^A19) -> 0 | F19: =IF(A19="","",F18*(1+'Calculadora'!$C$29)+C18+E18-D18) -> 190254.42 | G19: =IF(A19="","",D19-E19+IF(A20="",0,MAX(0,G20/(1+'Calculadora'!$C$29)))) -> 495347.36 | H19: =IF(A19="","",IF('Calculadora'!$C$16="Con la regla del 4 %",IF(F19*'Calculadora'!$C$17>=D19-E19-1E-9,"Sí","No"),IF(F19>=G19-0.005,"Sí","No"))) -> No | I19: =IF(A19="","",J18) -> 190254.42 | J19: =IF(A19="","",IF(A19<IF(ISNUMBER('Calculadora'!$C$30),'Calculadora'!$C$30,'Calculadora'!$C$28),I19*(1+'Calculadora'!$C$29)+C19+E19-D19,MAX(0,I19-D19+E19)*(1+'Calculadora'!$C$29))) -> 208914.14 | K19: =IF(A19="","",J19/(1+'Calculadora'!$C$12)^(A19+1)) -> 161497.43
A20: =IF(13<'Calculadora'!$C$28,13,"") -> 13 | B20: =IF(A20="","",'Calculadora'!$C$7+A20) -> 49 | C20: =IF(A20="","",'Calculadora'!$C$8*(1+'Calculadora'!$C$13)^A20) -> 28452.332 | D20: =IF(A20="","",('Calculadora'!$C$9+IF(AND(B20>='Calculadora'!$C$21,B20<='Calculadora'!$C$22),'Calculadora'!$C$20,0))*(1+'Calculadora'!$C$12)^A20) -> 19404.099 | E20: =IF(A20="","",IF(AND(B20>='Calculadora'!$C$24,B20<='Calculadora'!$C$25),'Calculadora'!$C$23,0)*(1+'Calculadora'!$C$12)^A20) -> 0 | F20: =IF(A20="","",F19*(1+'Calculadora'!$C$29)+C19+E19-D19) -> 208914.14 | G20: =IF(A20="","",D20-E20+IF(A21="",0,MAX(0,G21/(1+'Calculadora'!$C$29)))) -> 500139.92 | H20: =IF(A20="","",IF('Calculadora'!$C$16="Con la regla del 4 %",IF(F20*'Calculadora'!$C$17>=D20-E20-1E-9,"Sí","No"),IF(F20>=G20-0.005,"Sí","No"))) -> No | I20: =IF(A20="","",J19) -> 208914.14 | J20: =IF(A20="","",IF(A20<IF(ISNUMBER('Calculadora'!$C$30),'Calculadora'!$C$30,'Calculadora'!$C$28),I20*(1+'Calculadora'!$C$29)+C20+E20-D20,MAX(0,I20-D20+E20)*(1+'Calculadora'!$C$29))) -> 228408.08 | K20: =IF(A20="","",J20/(1+'Calculadora'!$C$12)^(A20+1)) -> 173104.78
A21: =IF(14<'Calculadora'!$C$28,14,"") -> 14 | B21: =IF(A21="","",'Calculadora'!$C$7+A21) -> 50 | C21: =IF(A21="","",'Calculadora'!$C$8*(1+'Calculadora'!$C$13)^A21) -> 28736.855 | D21: =IF(A21="","",('Calculadora'!$C$9+IF(AND(B21>='Calculadora'!$C$21,B21<='Calculadora'!$C$22),'Calculadora'!$C$20,0))*(1+'Calculadora'!$C$12)^A21) -> 19792.181 | E21: =IF(A21="","",IF(AND(B21>='Calculadora'!$C$24,B21<='Calculadora'!$C$25),'Calculadora'!$C$23,0)*(1+'Calculadora'!$C$12)^A21) -> 0 | F21: =IF(A21="","",F20*(1+'Calculadora'!$C$29)+C20+E20-D20) -> 228408.08 | G21: =IF(A21="","",D21-E21+IF(A22="",0,MAX(0,G22/(1+'Calculadora'!$C$29)))) -> 504772.61 | H21: =IF(A21="","",IF('Calculadora'!$C$16="Con la regla del 4 %",IF(F21*'Calculadora'!$C$17>=D21-E21-1E-9,"Sí","No"),IF(F21>=G21-0.005,"Sí","No"))) -> No | I21: =IF(A21="","",J20) -> 228408.08 | J21: =IF(A21="","",IF(A21<IF(ISNUMBER('Calculadora'!$C$30),'Calculadora'!$C$30,'Calculadora'!$C$28),I21*(1+'Calculadora'!$C$29)+C21+E21-D21,MAX(0,I21-D21+E21)*(1+'Calculadora'!$C$29))) -> 248773.16 | K21: =IF(A21="","",J21/(1+'Calculadora'!$C$12)^(A21+1)) -> 184842.12
A22: =IF(15<'Calculadora'!$C$28,15,"") -> 15 | B22: =IF(A22="","",'Calculadora'!$C$7+A22) -> 51 | C22: =IF(A22="","",'Calculadora'!$C$8*(1+'Calculadora'!$C$13)^A22) -> 29024.224 | D22: =IF(A22="","",('Calculadora'!$C$9+IF(AND(B22>='Calculadora'!$C$21,B22<='Calculadora'!$C$22),'Calculadora'!$C$20,0))*(1+'Calculadora'!$C$12)^A22) -> 20188.025 | E22: =IF(A22="","",IF(AND(B22>='Calculadora'!$C$24,B22<='Calculadora'!$C$25),'Calculadora'!$C$23,0)*(1+'Calculadora'!$C$12)^A22) -> 0 | F22: =IF(A22="","",F21*(1+'Calculadora'!$C$29)+C21+E21-D21) -> 248773.16 | G22: =IF(A22="","",D22-E22+IF(A23="",0,MAX(0,G23/(1+'Calculadora'!$C$29)))) -> 509229.45 | H22: =IF(A22="","",IF('Calculadora'!$C$16="Con la regla del 4 %",IF(F22*'Calculadora'!$C$17>=D22-E22-1E-9,"Sí","No"),IF(F22>=G22-0.005,"Sí","No"))) -> No | I22: =IF(A22="","",J21) -> 248773.16 | J22: =IF(A22="","",IF(A22<IF(ISNUMBER('Calculadora'!$C$30),'Calculadora'!$C$30,'Calculadora'!$C$28),I22*(1+'Calculadora'!$C$29)+C22+E22-D22,MAX(0,I22-D22+E22)*(1+'Calculadora'!$C$29))) -> 270048.01 | K22: =IF(A22="","",J22/(1+'Calculadora'!$C$12)^(A22+1)) -> 196715.35
A23: =IF(16<'Calculadora'!$C$28,16,"") -> 16 | B23: =IF(A23="","",'Calculadora'!$C$7+A23) -> 52 | C23: =IF(A23="","",'Calculadora'!$C$8*(1+'Calculadora'!$C$13)^A23) -> 29314.466 | D23: =IF(A23="","",('Calculadora'!$C$9+IF(AND(B23>='Calculadora'!$C$21,B23<='Calculadora'!$C$22),'Calculadora'!$C$20,0))*(1+'Calculadora'!$C$12)^A23) -> 20591.786 | E23: =IF(A23="","",IF(AND(B23>='Calculadora'!$C$24,B23<='Calculadora'!$C$25),'Calculadora'!$C$23,0)*(1+'Calculadora'!$C$12)^A23) -> 0 | F23: =IF(A23="","",F22*(1+'Calculadora'!$C$29)+C22+E22-D22) -> 270048.01 | G23: =IF(A23="","",D23-E23+IF(A24="",0,MAX(0,G24/(1+'Calculadora'!$C$29)))) -> 513493.49 | H23: =IF(A23="","",IF('Calculadora'!$C$16="Con la regla del 4 %",IF(F23*'Calculadora'!$C$17>=D23-E23-1E-9,"Sí","No"),IF(F23>=G23-0.005,"Sí","No"))) -> No | I23: =IF(A23="","",J22) -> 270048.01 | J23: =IF(A23="","",IF(A23<IF(ISNUMBER('Calculadora'!$C$30),'Calculadora'!$C$30,'Calculadora'!$C$28),I23*(1+'Calculadora'!$C$29)+C23+E23-D23,MAX(0,I23-D23+E23)*(1+'Calculadora'!$C$29))) -> 292273.1 | K23: =IF(A23="","",J23/(1+'Calculadora'!$C$12)^(A23+1)) -> 208730.5
A24: =IF(17<'Calculadora'!$C$28,17,"") -> 17 | B24: =IF(A24="","",'Calculadora'!$C$7+A24) -> 53 | C24: =IF(A24="","",'Calculadora'!$C$8*(1+'Calculadora'!$C$13)^A24) -> 29607.611 | D24: =IF(A24="","",('Calculadora'!$C$9+IF(AND(B24>='Calculadora'!$C$21,B24<='Calculadora'!$C$22),'Calculadora'!$C$20,0))*(1+'Calculadora'!$C$12)^A24) -> 21003.621 | E24: =IF(A24="","",IF(AND(B24>='Calculadora'!$C$24,B24<='Calculadora'!$C$25),'Calculadora'!$C$23,0)*(1+'Calculadora'!$C$12)^A24) -> 0 | F24: =IF(A24="","",F23*(1+'Calculadora'!$C$29)+C23+E23-D23) -> 292273.1 | G24: =IF(A24="","",D24-E24+IF(A25="",0,MAX(0,G25/(1+'Calculadora'!$C$29)))) -> 517546.79 | H24: =IF(A24="","",IF('Calculadora'!$C$16="Con la regla del 4 %",IF(F24*'Calculadora'!$C$17>=D24-E24-1E-9,"Sí","No"),IF(F24>=G24-0.005,"Sí","No"))) -> No | I24: =IF(A24="","",J23) -> 292273.1 | J24: =IF(A24="","",IF(A24<IF(ISNUMBER('Calculadora'!$C$30),'Calculadora'!$C$30,'Calculadora'!$C$28),I24*(1+'Calculadora'!$C$29)+C24+E24-D24,MAX(0,I24-D24+E24)*(1+'Calculadora'!$C$29))) -> 315490.74 | K24: =IF(A24="","",J24/(1+'Calculadora'!$C$12)^(A24+1)) -> 220893.8
A25: =IF(18<'Calculadora'!$C$28,18,"") -> 18 | B25: =IF(A25="","",'Calculadora'!$C$7+A25) -> 54 | C25: =IF(A25="","",'Calculadora'!$C$8*(1+'Calculadora'!$C$13)^A25) -> 29903.687 | D25: =IF(A25="","",('Calculadora'!$C$9+IF(AND(B25>='Calculadora'!$C$21,B25<='Calculadora'!$C$22),'Calculadora'!$C$20,0))*(1+'Calculadora'!$C$12)^A25) -> 21423.694 | E25: =IF(A25="","",IF(AND(B25>='Calculadora'!$C$24,B25<='Calculadora'!$C$25),'Calculadora'!$C$23,0)*(1+'Calculadora'!$C$12)^A25) -> 0 | F25: =IF(A25="","",F24*(1+'Calculadora'!$C$29)+C24+E24-D24) -> 315490.74 | G25: =IF(A25="","",D25-E25+IF(A26="",0,MAX(0,G26/(1+'Calculadora'!$C$29)))) -> 521370.33 | H25: =IF(A25="","",IF('Calculadora'!$C$16="Con la regla del 4 %",IF(F25*'Calculadora'!$C$17>=D25-E25-1E-9,"Sí","No"),IF(F25>=G25-0.005,"Sí","No"))) -> No | I25: =IF(A25="","",J24) -> 315490.74 | J25: =IF(A25="","",IF(A25<IF(ISNUMBER('Calculadora'!$C$30),'Calculadora'!$C$30,'Calculadora'!$C$28),I25*(1+'Calculadora'!$C$29)+C25+E25-D25,MAX(0,I25-D25+E25)*(1+'Calculadora'!$C$29))) -> 339745.27 | K25: =IF(A25="","",J25/(1+'Calculadora'!$C$12)^(A25+1)) -> 233211.6
A26: =IF(19<'Calculadora'!$C$28,19,"") -> 19 | B26: =IF(A26="","",'Calculadora'!$C$7+A26) -> 55 | C26: =IF(A26="","",'Calculadora'!$C$8*(1+'Calculadora'!$C$13)^A26) -> 30202.724 | D26: =IF(A26="","",('Calculadora'!$C$9+IF(AND(B26>='Calculadora'!$C$21,B26<='Calculadora'!$C$22),'Calculadora'!$C$20,0))*(1+'Calculadora'!$C$12)^A26) -> 21852.168 | E26: =IF(A26="","",IF(AND(B26>='Calculadora'!$C$24,B26<='Calculadora'!$C$25),'Calculadora'!$C$23,0)*(1+'Calculadora'!$C$12)^A26) -> 0 | F26: =IF(A26="","",F25*(1+'Calculadora'!$C$29)+C25+E25-D25) -> 339745.27 | G26: =IF(A26="","",D26-E26+IF(A27="",0,MAX(0,G27/(1+'Calculadora'!$C$29)))) -> 524943.97 | H26: =IF(A26="","",IF('Calculadora'!$C$16="Con la regla del 4 %",IF(F26*'Calculadora'!$C$17>=D26-E26-1E-9,"Sí","No"),IF(F26>=G26-0.005,"Sí","No"))) -> No | I26: =IF(A26="","",J25) -> 339745.27 | J26: =IF(A26="","",IF(A26<IF(ISNUMBER('Calculadora'!$C$30),'Calculadora'!$C$30,'Calculadora'!$C$28),I26*(1+'Calculadora'!$C$29)+C26+E26-D26,MAX(0,I26-D26+E26)*(1+'Calculadora'!$C$29))) -> 365083.09 | K26: =IF(A26="","",J26/(1+'Calculadora'!$C$12)^(A26+1)) -> 245690.45
A27: =IF(20<'Calculadora'!$C$28,20,"") -> 20 | B27: =IF(A27="","",'Calculadora'!$C$7+A27) -> 56 | C27: =IF(A27="","",'Calculadora'!$C$8*(1+'Calculadora'!$C$13)^A27) -> 30504.751 | D27: =IF(A27="","",('Calculadora'!$C$9+IF(AND(B27>='Calculadora'!$C$21,B27<='Calculadora'!$C$22),'Calculadora'!$C$20,0))*(1+'Calculadora'!$C$12)^A27) -> 22289.211 | E27: =IF(A27="","",IF(AND(B27>='Calculadora'!$C$24,B27<='Calculadora'!$C$25),'Calculadora'!$C$23,0)*(1+'Calculadora'!$C$12)^A27) -> 0 | F27: =IF(A27="","",F26*(1+'Calculadora'!$C$29)+C26+E26-D26) -> 365083.09 | G27: =IF(A27="","",D27-E27+IF(A28="",0,MAX(0,G28/(1+'Calculadora'!$C$29)))) -> 528246.39 | H27: =IF(A27="","",IF('Calculadora'!$C$16="Con la regla del 4 %",IF(F27*'Calculadora'!$C$17>=D27-E27-1E-9,"Sí","No"),IF(F27>=G27-0.005,"Sí","No"))) -> No | I27: =IF(A27="","",J26) -> 365083.09 | J27: =IF(A27="","",IF(A27<IF(ISNUMBER('Calculadora'!$C$30),'Calculadora'!$C$30,'Calculadora'!$C$28),I27*(1+'Calculadora'!$C$29)+C27+E27-D27,MAX(0,I27-D27+E27)*(1+'Calculadora'!$C$29))) -> 391552.78 | K27: =IF(A27="","",J27/(1+'Calculadora'!$C$12)^(A27+1)) -> 258337.06
A28: =IF(21<'Calculadora'!$C$28,21,"") -> 21 | B28: =IF(A28="","",'Calculadora'!$C$7+A28) -> 57 | C28: =IF(A28="","",'Calculadora'!$C$8*(1+'Calculadora'!$C$13)^A28) -> 30809.799 | D28: =IF(A28="","",('Calculadora'!$C$9+IF(AND(B28>='Calculadora'!$C$21,B28<='Calculadora'!$C$22),'Calculadora'!$C$20,0))*(1+'Calculadora'!$C$12)^A28) -> 22734.995 | E28: =IF(A28="","",IF(AND(B28>='Calculadora'!$C$24,B28<='Calculadora'!$C$25),'Calculadora'!$C$23,0)*(1+'Calculadora'!$C$12)^A28) -> 0 | F28: =IF(A28="","",F27*(1+'Calculadora'!$C$29)+C27+E27-D27) -> 391552.78 | G28: =IF(A28="","",D28-E28+IF(A29="",0,MAX(0,G29/(1+'Calculadora'!$C$29)))) -> 531255.04 | H28: =IF(A28="","",IF('Calculadora'!$C$16="Con la regla del 4 %",IF(F28*'Calculadora'!$C$17>=D28-E28-1E-9,"Sí","No"),IF(F28>=G28-0.005,"Sí","No"))) -> No | I28: =IF(A28="","",J27) -> 391552.78 | J28: =IF(A28="","",IF(A28<IF(ISNUMBER('Calculadora'!$C$30),'Calculadora'!$C$30,'Calculadora'!$C$28),I28*(1+'Calculadora'!$C$29)+C28+E28-D28,MAX(0,I28-D28+E28)*(1+'Calculadora'!$C$29))) -> 419205.23 | K28: =IF(A28="","",J28/(1+'Calculadora'!$C$12)^(A28+1)) -> 271158.31
A29: =IF(22<'Calculadora'!$C$28,22,"") -> 22 | B29: =IF(A29="","",'Calculadora'!$C$7+A29) -> 58 | C29: =IF(A29="","",'Calculadora'!$C$8*(1+'Calculadora'!$C$13)^A29) -> 31117.896 | D29: =IF(A29="","",('Calculadora'!$C$9+IF(AND(B29>='Calculadora'!$C$21,B29<='Calculadora'!$C$22),'Calculadora'!$C$20,0))*(1+'Calculadora'!$C$12)^A29) -> 23189.695 | E29: =IF(A29="","",IF(AND(B29>='Calculadora'!$C$24,B29<='Calculadora'!$C$25),'Calculadora'!$C$23,0)*(1+'Calculadora'!$C$12)^A29) -> 0 | F29: =IF(A29="","",F28*(1+'Calculadora'!$C$29)+C28+E28-D28) -> 419205.23 | G29: =IF(A29="","",D29-E29+IF(A30="",0,MAX(0,G30/(1+'Calculadora'!$C$29)))) -> 533946.05 | H29: =IF(A29="","",IF('Calculadora'!$C$16="Con la regla del 4 %",IF(F29*'Calculadora'!$C$17>=D29-E29-1E-9,"Sí","No"),IF(F29>=G29-0.005,"Sí","No"))) -> No | I29: =IF(A29="","",J28) -> 419205.23 | J29: =IF(A29="","",IF(A29<IF(ISNUMBER('Calculadora'!$C$30),'Calculadora'!$C$30,'Calculadora'!$C$28),I29*(1+'Calculadora'!$C$29)+C29+E29-D29,MAX(0,I29-D29+E29)*(1+'Calculadora'!$C$29))) -> 448093.69 | K29: =IF(A29="","",J29/(1+'Calculadora'!$C$12)^(A29+1)) -> 284161.27
A30: =IF(23<'Calculadora'!$C$28,23,"") -> 23 | B30: =IF(A30="","",'Calculadora'!$C$7+A30) -> 59 | C30: =IF(A30="","",'Calculadora'!$C$8*(1+'Calculadora'!$C$13)^A30) -> 31429.075 | D30: =IF(A30="","",('Calculadora'!$C$9+IF(AND(B30>='Calculadora'!$C$21,B30<='Calculadora'!$C$22),'Calculadora'!$C$20,0))*(1+'Calculadora'!$C$12)^A30) -> 23653.489 | E30: =IF(A30="","",IF(AND(B30>='Calculadora'!$C$24,B30<='Calculadora'!$C$25),'Calculadora'!$C$23,0)*(1+'Calculadora'!$C$12)^A30) -> 0 | F30: =IF(A30="","",F29*(1+'Calculadora'!$C$29)+C29+E29-D29) -> 448093.69 | G30: =IF(A30="","",D30-E30+IF(A31="",0,MAX(0,G31/(1+'Calculadora'!$C$29)))) -> 536294.17 | H30: =IF(A30="","",IF('Calculadora'!$C$16="Con la regla del 4 %",IF(F30*'Calculadora'!$C$17>=D30-E30-1E-9,"Sí","No"),IF(F30>=G30-0.005,"Sí","No"))) -> No | I30: =IF(A30="","",J29) -> 448093.69 | J30: =IF(A30="","",IF(A30<IF(ISNUMBER('Calculadora'!$C$30),'Calculadora'!$C$30,'Calculadora'!$C$28),I30*(1+'Calculadora'!$C$29)+C30+E30-D30,MAX(0,I30-D30+E30)*(1+'Calculadora'!$C$29))) -> 478273.96 | K30: =IF(A30="","",J30/(1+'Calculadora'!$C$12)^(A30+1)) -> 297353.2
A31: =IF(24<'Calculadora'!$C$28,24,"") -> 24 | B31: =IF(A31="","",'Calculadora'!$C$7+A31) -> 60 | C31: =IF(A31="","",'Calculadora'!$C$8*(1+'Calculadora'!$C$13)^A31) -> 31743.366 | D31: =IF(A31="","",('Calculadora'!$C$9+IF(AND(B31>='Calculadora'!$C$21,B31<='Calculadora'!$C$22),'Calculadora'!$C$20,0))*(1+'Calculadora'!$C$12)^A31) -> 24126.559 | E31: =IF(A31="","",IF(AND(B31>='Calculadora'!$C$24,B31<='Calculadora'!$C$25),'Calculadora'!$C$23,0)*(1+'Calculadora'!$C$12)^A31) -> 0 | F31: =IF(A31="","",F30*(1+'Calculadora'!$C$29)+C30+E30-D30) -> 478273.96 | G31: =IF(A31="","",D31-E31+IF(A32="",0,MAX(0,G32/(1+'Calculadora'!$C$29)))) -> 538272.71 | H31: =IF(A31="","",IF('Calculadora'!$C$16="Con la regla del 4 %",IF(F31*'Calculadora'!$C$17>=D31-E31-1E-9,"Sí","No"),IF(F31>=G31-0.005,"Sí","No"))) -> No | I31: =IF(A31="","",J30) -> 478273.96 | J31: =IF(A31="","",IF(A31<IF(ISNUMBER('Calculadora'!$C$30),'Calculadora'!$C$30,'Calculadora'!$C$28),I31*(1+'Calculadora'!$C$29)+C31+E31-D31,MAX(0,I31-D31+E31)*(1+'Calculadora'!$C$29))) -> 509804.47 | K31: =IF(A31="","",J31/(1+'Calculadora'!$C$12)^(A31+1)) -> 310741.56
A32: =IF(25<'Calculadora'!$C$28,25,"") -> 25 | B32: =IF(A32="","",'Calculadora'!$C$7+A32) -> 61 | C32: =IF(A32="","",'Calculadora'!$C$8*(1+'Calculadora'!$C$13)^A32) -> 32060.8 | D32: =IF(A32="","",('Calculadora'!$C$9+IF(AND(B32>='Calculadora'!$C$21,B32<='Calculadora'!$C$22),'Calculadora'!$C$20,0))*(1+'Calculadora'!$C$12)^A32) -> 24609.09 | E32: =IF(A32="","",IF(AND(B32>='Calculadora'!$C$24,B32<='Calculadora'!$C$25),'Calculadora'!$C$23,0)*(1+'Calculadora'!$C$12)^A32) -> 0 | F32: =IF(A32="","",F31*(1+'Calculadora'!$C$29)+C31+E31-D31) -> 509804.47 | G32: =IF(A32="","",D32-E32+IF(A33="",0,MAX(0,G33/(1+'Calculadora'!$C$29)))) -> 539853.46 | H32: =IF(A32="","",IF('Calculadora'!$C$16="Con la regla del 4 %",IF(F32*'Calculadora'!$C$17>=D32-E32-1E-9,"Sí","No"),IF(F32>=G32-0.005,"Sí","No"))) -> No | I32: =IF(A32="","",J31) -> 509804.47 | J32: =IF(A32="","",IF(A32<IF(ISNUMBER('Calculadora'!$C$30),'Calculadora'!$C$30,'Calculadora'!$C$28),I32*(1+'Calculadora'!$C$29)+C32+E32-D32,MAX(0,I32-D32+E32)*(1+'Calculadora'!$C$29))) -> 542746.4 | K32: =IF(A32="","",J32/(1+'Calculadora'!$C$12)^(A32+1)) -> 324334.01
A33: =IF(26<'Calculadora'!$C$28,26,"") -> 26 | B33: =IF(A33="","",'Calculadora'!$C$7+A33) -> 62 | C33: =IF(A33="","",'Calculadora'!$C$8*(1+'Calculadora'!$C$13)^A33) -> 32381.408 | D33: =IF(A33="","",('Calculadora'!$C$9+IF(AND(B33>='Calculadora'!$C$21,B33<='Calculadora'!$C$22),'Calculadora'!$C$20,0))*(1+'Calculadora'!$C$12)^A33) -> 25101.272 | E33: =IF(A33="","",IF(AND(B33>='Calculadora'!$C$24,B33<='Calculadora'!$C$25),'Calculadora'!$C$23,0)*(1+'Calculadora'!$C$12)^A33) -> 0 | F33: =IF(A33="","",F32*(1+'Calculadora'!$C$29)+C32+E32-D32) -> 542746.4 | G33: =IF(A33="","",D33-E33+IF(A34="",0,MAX(0,G34/(1+'Calculadora'!$C$29)))) -> 541006.59 | H33: =IF(A33="","",IF('Calculadora'!$C$16="Con la regla del 4 %",IF(F33*'Calculadora'!$C$17>=D33-E33-1E-9,"Sí","No"),IF(F33>=G33-0.005,"Sí","No"))) -> Sí | I33: =IF(A33="","",J32) -> 542746.4 | J33: =IF(A33="","",IF(A33<IF(ISNUMBER('Calculadora'!$C$30),'Calculadora'!$C$30,'Calculadora'!$C$28),I33*(1+'Calculadora'!$C$29)+C33+E33-D33,MAX(0,I33-D33+E33)*(1+'Calculadora'!$C$29))) -> 543527.38 | K33: =IF(A33="","",J33/(1+'Calculadora'!$C$12)^(A33+1)) -> 318432.06
A34: =IF(27<'Calculadora'!$C$28,27,"") -> 27 | B34: =IF(A34="","",'Calculadora'!$C$7+A34) -> 63 | C34: =IF(A34="","",'Calculadora'!$C$8*(1+'Calculadora'!$C$13)^A34) -> 32705.222 | D34: =IF(A34="","",('Calculadora'!$C$9+IF(AND(B34>='Calculadora'!$C$21,B34<='Calculadora'!$C$22),'Calculadora'!$C$20,0))*(1+'Calculadora'!$C$12)^A34) -> 25603.297 | E34: =IF(A34="","",IF(AND(B34>='Calculadora'!$C$24,B34<='Calculadora'!$C$25),'Calculadora'!$C$23,0)*(1+'Calculadora'!$C$12)^A34) -> 0 | F34: =IF(A34="","",F33*(1+'Calculadora'!$C$29)+C33+E33-D33) -> 577163.86 | G34: =IF(A34="","",D34-E34+IF(A35="",0,MAX(0,G35/(1+'Calculadora'!$C$29)))) -> 541700.59 | H34: =IF(A34="","",IF('Calculadora'!$C$16="Con la regla del 4 %",IF(F34*'Calculadora'!$C$17>=D34-E34-1E-9,"Sí","No"),IF(F34>=G34-0.005,"Sí","No"))) -> Sí | I34: =IF(A34="","",J33) -> 543527.38 | J34: =IF(A34="","",IF(A34<IF(ISNUMBER('Calculadora'!$C$30),'Calculadora'!$C$30,'Calculadora'!$C$28),I34*(1+'Calculadora'!$C$29)+C34+E34-D34,MAX(0,I34-D34+E34)*(1+'Calculadora'!$C$29))) -> 543820.29 | K34: =IF(A34="","",J34/(1+'Calculadora'!$C$12)^(A34+1)) -> 312356.54
A35: =IF(28<'Calculadora'!$C$28,28,"") -> 28 | B35: =IF(A35="","",'Calculadora'!$C$7+A35) -> 64 | C35: =IF(A35="","",'Calculadora'!$C$8*(1+'Calculadora'!$C$13)^A35) -> 33032.274 | D35: =IF(A35="","",('Calculadora'!$C$9+IF(AND(B35>='Calculadora'!$C$21,B35<='Calculadora'!$C$22),'Calculadora'!$C$20,0))*(1+'Calculadora'!$C$12)^A35) -> 26115.363 | E35: =IF(A35="","",IF(AND(B35>='Calculadora'!$C$24,B35<='Calculadora'!$C$25),'Calculadora'!$C$23,0)*(1+'Calculadora'!$C$12)^A35) -> 0 | F35: =IF(A35="","",F34*(1+'Calculadora'!$C$29)+C34+E34-D34) -> 613123.97 | G35: =IF(A35="","",D35-E35+IF(A36="",0,MAX(0,G36/(1+'Calculadora'!$C$29)))) -> 541902.15 | H35: =IF(A35="","",IF('Calculadora'!$C$16="Con la regla del 4 %",IF(F35*'Calculadora'!$C$17>=D35-E35-1E-9,"Sí","No"),IF(F35>=G35-0.005,"Sí","No"))) -> Sí | I35: =IF(A35="","",J34) -> 543820.29 | J35: =IF(A35="","",IF(A35<IF(ISNUMBER('Calculadora'!$C$30),'Calculadora'!$C$30,'Calculadora'!$C$28),I35*(1+'Calculadora'!$C$29)+C35+E35-D35,MAX(0,I35-D35+E35)*(1+'Calculadora'!$C$29))) -> 543590.18 | K35: =IF(A35="","",J35/(1+'Calculadora'!$C$12)^(A35+1)) -> 306102.32
A36: =IF(29<'Calculadora'!$C$28,29,"") -> 29 | B36: =IF(A36="","",'Calculadora'!$C$7+A36) -> 65 | C36: =IF(A36="","",'Calculadora'!$C$8*(1+'Calculadora'!$C$13)^A36) -> 33362.597 | D36: =IF(A36="","",('Calculadora'!$C$9+IF(AND(B36>='Calculadora'!$C$21,B36<='Calculadora'!$C$22),'Calculadora'!$C$20,0))*(1+'Calculadora'!$C$12)^A36) -> 26637.67 | E36: =IF(A36="","",IF(AND(B36>='Calculadora'!$C$24,B36<='Calculadora'!$C$25),'Calculadora'!$C$23,0)*(1+'Calculadora'!$C$12)^A36) -> 0 | F36: =IF(A36="","",F35*(1+'Calculadora'!$C$29)+C35+E35-D35) -> 650697.08 | G36: =IF(A36="","",D36-E36+IF(A37="",0,MAX(0,G37/(1+'Calculadora'!$C$29)))) -> 541576.13 | H36: =IF(A36="","",IF('Calculadora'!$C$16="Con la regla del 4 %",IF(F36*'Calculadora'!$C$17>=D36-E36-1E-9,"Sí","No"),IF(F36>=G36-0.005,"Sí","No"))) -> Sí | I36: =IF(A36="","",J35) -> 543590.18 | J36: =IF(A36="","",IF(A36<IF(ISNUMBER('Calculadora'!$C$30),'Calculadora'!$C$30,'Calculadora'!$C$28),I36*(1+'Calculadora'!$C$29)+C36+E36-D36,MAX(0,I36-D36+E36)*(1+'Calculadora'!$C$29))) -> 542800.13 | K36: =IF(A36="","",J36/(1+'Calculadora'!$C$12)^(A36+1)) -> 299664.15
A37: =IF(30<'Calculadora'!$C$28,30,"") -> 30 | B37: =IF(A37="","",'Calculadora'!$C$7+A37) -> 66 | C37: =IF(A37="","",'Calculadora'!$C$8*(1+'Calculadora'!$C$13)^A37) -> 33696.223 | D37: =IF(A37="","",('Calculadora'!$C$9+IF(AND(B37>='Calculadora'!$C$21,B37<='Calculadora'!$C$22),'Calculadora'!$C$20,0))*(1+'Calculadora'!$C$12)^A37) -> 27170.424 | E37: =IF(A37="","",IF(AND(B37>='Calculadora'!$C$24,B37<='Calculadora'!$C$25),'Calculadora'!$C$23,0)*(1+'Calculadora'!$C$12)^A37) -> 0 | F37: =IF(A37="","",F36*(1+'Calculadora'!$C$29)+C36+E36-D36) -> 689956.86 | G37: =IF(A37="","",D37-E37+IF(A38="",0,MAX(0,G38/(1+'Calculadora'!$C$29)))) -> 540685.38 | H37: =IF(A37="","",IF('Calculadora'!$C$16="Con la regla del 4 %",IF(F37*'Calculadora'!$C$17>=D37-E37-1E-9,"Sí","No"),IF(F37>=G37-0.005,"Sí","No"))) -> Sí | I37: =IF(A37="","",J36) -> 542800.13 | J37: =IF(A37="","",IF(A37<IF(ISNUMBER('Calculadora'!$C$30),'Calculadora'!$C$30,'Calculadora'!$C$28),I37*(1+'Calculadora'!$C$29)+C37+E37-D37,MAX(0,I37-D37+E37)*(1+'Calculadora'!$C$29))) -> 541411.19 | K37: =IF(A37="","",J37/(1+'Calculadora'!$C$12)^(A37+1)) -> 293036.63
A38: =IF(31<'Calculadora'!$C$28,31,"") -> 31 | B38: =IF(A38="","",'Calculadora'!$C$7+A38) -> 67 | C38: =IF(A38="","",'Calculadora'!$C$8*(1+'Calculadora'!$C$13)^A38) -> 34033.185 | D38: =IF(A38="","",('Calculadora'!$C$9+IF(AND(B38>='Calculadora'!$C$21,B38<='Calculadora'!$C$22),'Calculadora'!$C$20,0))*(1+'Calculadora'!$C$12)^A38) -> 27713.832 | E38: =IF(A38="","",IF(AND(B38>='Calculadora'!$C$24,B38<='Calculadora'!$C$25),'Calculadora'!$C$23,0)*(1+'Calculadora'!$C$12)^A38) -> 0 | F38: =IF(A38="","",F37*(1+'Calculadora'!$C$29)+C37+E37-D37) -> 730980.51 | G38: =IF(A38="","",D38-E38+IF(A39="",0,MAX(0,G39/(1+'Calculadora'!$C$29)))) -> 539190.71 | H38: =IF(A38="","",IF('Calculadora'!$C$16="Con la regla del 4 %",IF(F38*'Calculadora'!$C$17>=D38-E38-1E-9,"Sí","No"),IF(F38>=G38-0.005,"Sí","No"))) -> Sí | I38: =IF(A38="","",J37) -> 541411.19 | J38: =IF(A38="","",IF(A38<IF(ISNUMBER('Calculadora'!$C$30),'Calculadora'!$C$30,'Calculadora'!$C$28),I38*(1+'Calculadora'!$C$29)+C38+E38-D38,MAX(0,I38-D38+E38)*(1+'Calculadora'!$C$29))) -> 539382.23 | K38: =IF(A38="","",J38/(1+'Calculadora'!$C$12)^(A38+1)) -> 286214.17
A39: =IF(32<'Calculadora'!$C$28,32,"") -> 32 | B39: =IF(A39="","",'Calculadora'!$C$7+A39) -> 68 | C39: =IF(A39="","",'Calculadora'!$C$8*(1+'Calculadora'!$C$13)^A39) -> 34373.517 | D39: =IF(A39="","",('Calculadora'!$C$9+IF(AND(B39>='Calculadora'!$C$21,B39<='Calculadora'!$C$22),'Calculadora'!$C$20,0))*(1+'Calculadora'!$C$12)^A39) -> 28268.109 | E39: =IF(A39="","",IF(AND(B39>='Calculadora'!$C$24,B39<='Calculadora'!$C$25),'Calculadora'!$C$23,0)*(1+'Calculadora'!$C$12)^A39) -> 0 | F39: =IF(A39="","",F38*(1+'Calculadora'!$C$29)+C38+E38-D38) -> 773848.88 | G39: =IF(A39="","",D39-E39+IF(A40="",0,MAX(0,G40/(1+'Calculadora'!$C$29)))) -> 537050.72 | H39: =IF(A39="","",IF('Calculadora'!$C$16="Con la regla del 4 %",IF(F39*'Calculadora'!$C$17>=D39-E39-1E-9,"Sí","No"),IF(F39>=G39-0.005,"Sí","No"))) -> Sí | I39: =IF(A39="","",J38) -> 539382.23 | J39: =IF(A39="","",IF(A39<IF(ISNUMBER('Calculadora'!$C$30),'Calculadora'!$C$30,'Calculadora'!$C$28),I39*(1+'Calculadora'!$C$29)+C39+E39-D39,MAX(0,I39-D39+E39)*(1+'Calculadora'!$C$29))) -> 536669.82 | K39: =IF(A39="","",J39/(1+'Calculadora'!$C$12)^(A39+1)) -> 279191.06
A40: =IF(33<'Calculadora'!$C$28,33,"") -> 33 | B40: =IF(A40="","",'Calculadora'!$C$7+A40) -> 69 | C40: =IF(A40="","",'Calculadora'!$C$8*(1+'Calculadora'!$C$13)^A40) -> 34717.252 | D40: =IF(A40="","",('Calculadora'!$C$9+IF(AND(B40>='Calculadora'!$C$21,B40<='Calculadora'!$C$22),'Calculadora'!$C$20,0))*(1+'Calculadora'!$C$12)^A40) -> 28833.471 | E40: =IF(A40="","",IF(AND(B40>='Calculadora'!$C$24,B40<='Calculadora'!$C$25),'Calculadora'!$C$23,0)*(1+'Calculadora'!$C$12)^A40) -> 0 | F40: =IF(A40="","",F39*(1+'Calculadora'!$C$29)+C39+E39-D39) -> 818646.74 | G40: =IF(A40="","",D40-E40+IF(A41="",0,MAX(0,G41/(1+'Calculadora'!$C$29)))) -> 534221.74 | H40: =IF(A40="","",IF('Calculadora'!$C$16="Con la regla del 4 %",IF(F40*'Calculadora'!$C$17>=D40-E40-1E-9,"Sí","No"),IF(F40>=G40-0.005,"Sí","No"))) -> Sí | I40: =IF(A40="","",J39) -> 536669.82 | J40: =IF(A40="","",IF(A40<IF(ISNUMBER('Calculadora'!$C$30),'Calculadora'!$C$30,'Calculadora'!$C$28),I40*(1+'Calculadora'!$C$29)+C40+E40-D40,MAX(0,I40-D40+E40)*(1+'Calculadora'!$C$29))) -> 533228.17 | K40: =IF(A40="","",J40/(1+'Calculadora'!$C$12)^(A40+1)) -> 271961.39
A41: =IF(34<'Calculadora'!$C$28,34,"") -> 34 | B41: =IF(A41="","",'Calculadora'!$C$7+A41) -> 70 | C41: =IF(A41="","",'Calculadora'!$C$8*(1+'Calculadora'!$C$13)^A41) -> 35064.425 | D41: =IF(A41="","",('Calculadora'!$C$9+IF(AND(B41>='Calculadora'!$C$21,B41<='Calculadora'!$C$22),'Calculadora'!$C$20,0))*(1+'Calculadora'!$C$12)^A41) -> 29410.14 | E41: =IF(A41="","",IF(AND(B41>='Calculadora'!$C$24,B41<='Calculadora'!$C$25),'Calculadora'!$C$23,0)*(1+'Calculadora'!$C$12)^A41) -> 0 | F41: =IF(A41="","",F40*(1+'Calculadora'!$C$29)+C40+E40-D40) -> 865462.86 | G41: =IF(A41="","",D41-E41+IF(A42="",0,MAX(0,G42/(1+'Calculadora'!$C$29)))) -> 530657.68 | H41: =IF(A41="","",IF('Calculadora'!$C$16="Con la regla del 4 %",IF(F41*'Calculadora'!$C$17>=D41-E41-1E-9,"Sí","No"),IF(F41>=G41-0.005,"Sí","No"))) -> Sí | I41: =IF(A41="","",J40) -> 533228.17 | J41: =IF(A41="","",IF(A41<IF(ISNUMBER('Calculadora'!$C$30),'Calculadora'!$C$30,'Calculadora'!$C$28),I41*(1+'Calculadora'!$C$29)+C41+E41-D41,MAX(0,I41-D41+E41)*(1+'Calculadora'!$C$29))) -> 529008.93 | K41: =IF(A41="","",J41/(1+'Calculadora'!$C$12)^(A41+1)) -> 264519.07
A42: =IF(35<'Calculadora'!$C$28,35,"") -> 35 | B42: =IF(A42="","",'Calculadora'!$C$7+A42) -> 71 | C42: =IF(A42="","",'Calculadora'!$C$8*(1+'Calculadora'!$C$13)^A42) -> 35415.069 | D42: =IF(A42="","",('Calculadora'!$C$9+IF(AND(B42>='Calculadora'!$C$21,B42<='Calculadora'!$C$22),'Calculadora'!$C$20,0))*(1+'Calculadora'!$C$12)^A42) -> 29998.343 | E42: =IF(A42="","",IF(AND(B42>='Calculadora'!$C$24,B42<='Calculadora'!$C$25),'Calculadora'!$C$23,0)*(1+'Calculadora'!$C$12)^A42) -> 0 | F42: =IF(A42="","",F41*(1+'Calculadora'!$C$29)+C41+E41-D41) -> 914390.28 | G42: =IF(A42="","",D42-E42+IF(A43="",0,MAX(0,G43/(1+'Calculadora'!$C$29)))) -> 526309.92 | H42: =IF(A42="","",IF('Calculadora'!$C$16="Con la regla del 4 %",IF(F42*'Calculadora'!$C$17>=D42-E42-1E-9,"Sí","No"),IF(F42>=G42-0.005,"Sí","No"))) -> Sí | I42: =IF(A42="","",J41) -> 529008.93 | J42: =IF(A42="","",IF(A42<IF(ISNUMBER('Calculadora'!$C$30),'Calculadora'!$C$30,'Calculadora'!$C$28),I42*(1+'Calculadora'!$C$29)+C42+E42-D42,MAX(0,I42-D42+E42)*(1+'Calculadora'!$C$29))) -> 523961.12 | K42: =IF(A42="","",J42/(1+'Calculadora'!$C$12)^(A42+1)) -> 256857.87
A43: =IF(36<'Calculadora'!$C$28,36,"") -> 36 | B43: =IF(A43="","",'Calculadora'!$C$7+A43) -> 72 | C43: =IF(A43="","",'Calculadora'!$C$8*(1+'Calculadora'!$C$13)^A43) -> 35769.22 | D43: =IF(A43="","",('Calculadora'!$C$9+IF(AND(B43>='Calculadora'!$C$21,B43<='Calculadora'!$C$22),'Calculadora'!$C$20,0))*(1+'Calculadora'!$C$12)^A43) -> 30598.31 | E43: =IF(A43="","",IF(AND(B43>='Calculadora'!$C$24,B43<='Calculadora'!$C$25),'Calculadora'!$C$23,0)*(1+'Calculadora'!$C$12)^A43) -> 0 | F43: =IF(A43="","",F42*(1+'Calculadora'!$C$29)+C42+E42-D42) -> 965526.52 | G43: =IF(A43="","",D43-E43+IF(A44="",0,MAX(0,G44/(1+'Calculadora'!$C$29)))) -> 521127.15 | H43: =IF(A43="","",IF('Calculadora'!$C$16="Con la regla del 4 %",IF(F43*'Calculadora'!$C$17>=D43-E43-1E-9,"Sí","No"),IF(F43>=G43-0.005,"Sí","No"))) -> Sí | I43: =IF(A43="","",J42) -> 523961.12 | J43: =IF(A43="","",IF(A43<IF(ISNUMBER('Calculadora'!$C$30),'Calculadora'!$C$30,'Calculadora'!$C$28),I43*(1+'Calculadora'!$C$29)+C43+E43-D43,MAX(0,I43-D43+E43)*(1+'Calculadora'!$C$29))) -> 518030.95 | K43: =IF(A43="","",J43/(1+'Calculadora'!$C$12)^(A43+1)) -> 248971.34
A44: =IF(37<'Calculadora'!$C$28,37,"") -> 37 | B44: =IF(A44="","",'Calculadora'!$C$7+A44) -> 73 | C44: =IF(A44="","",'Calculadora'!$C$8*(1+'Calculadora'!$C$13)^A44) -> 36126.912 | D44: =IF(A44="","",('Calculadora'!$C$9+IF(AND(B44>='Calculadora'!$C$21,B44<='Calculadora'!$C$22),'Calculadora'!$C$20,0))*(1+'Calculadora'!$C$12)^A44) -> 31210.276 | E44: =IF(A44="","",IF(AND(B44>='Calculadora'!$C$24,B44<='Calculadora'!$C$25),'Calculadora'!$C$23,0)*(1+'Calculadora'!$C$12)^A44) -> 0 | F44: =IF(A44="","",F43*(1+'Calculadora'!$C$29)+C43+E43-D43) -> 1018973.8 | G44: =IF(A44="","",D44-E44+IF(A45="",0,MAX(0,G45/(1+'Calculadora'!$C$29)))) -> 515055.29 | H44: =IF(A44="","",IF('Calculadora'!$C$16="Con la regla del 4 %",IF(F44*'Calculadora'!$C$17>=D44-E44-1E-9,"Sí","No"),IF(F44>=G44-0.005,"Sí","No"))) -> Sí | I44: =IF(A44="","",J43) -> 518030.95 | J44: =IF(A44="","",IF(A44<IF(ISNUMBER('Calculadora'!$C$30),'Calculadora'!$C$30,'Calculadora'!$C$28),I44*(1+'Calculadora'!$C$29)+C44+E44-D44,MAX(0,I44-D44+E44)*(1+'Calculadora'!$C$29))) -> 511161.71 | K44: =IF(A44="","",J44/(1+'Calculadora'!$C$12)^(A44+1)) -> 240852.85
A45: =IF(38<'Calculadora'!$C$28,38,"") -> 38 | B45: =IF(A45="","",'Calculadora'!$C$7+A45) -> 74 | C45: =IF(A45="","",'Calculadora'!$C$8*(1+'Calculadora'!$C$13)^A45) -> 36488.181 | D45: =IF(A45="","",('Calculadora'!$C$9+IF(AND(B45>='Calculadora'!$C$21,B45<='Calculadora'!$C$22),'Calculadora'!$C$20,0))*(1+'Calculadora'!$C$12)^A45) -> 31834.482 | E45: =IF(A45="","",IF(AND(B45>='Calculadora'!$C$24,B45<='Calculadora'!$C$25),'Calculadora'!$C$23,0)*(1+'Calculadora'!$C$12)^A45) -> 0 | F45: =IF(A45="","",F44*(1+'Calculadora'!$C$29)+C44+E44-D44) -> 1074839.1 | G45: =IF(A45="","",D45-E45+IF(A46="",0,MAX(0,G46/(1+'Calculadora'!$C$29)))) -> 508037.26 | H45: =IF(A45="","",IF('Calculadora'!$C$16="Con la regla del 4 %",IF(F45*'Calculadora'!$C$17>=D45-E45-1E-9,"Sí","No"),IF(F45>=G45-0.005,"Sí","No"))) -> Sí | I45: =IF(A45="","",J44) -> 511161.71 | J45: =IF(A45="","",IF(A45<IF(ISNUMBER('Calculadora'!$C$30),'Calculadora'!$C$30,'Calculadora'!$C$28),I45*(1+'Calculadora'!$C$29)+C45+E45-D45,MAX(0,I45-D45+E45)*(1+'Calculadora'!$C$29))) -> 503293.59 | K45: =IF(A45="","",J45/(1+'Calculadora'!$C$12)^(A45+1)) -> 232495.58
A46: =IF(39<'Calculadora'!$C$28,39,"") -> 39 | B46: =IF(A46="","",'Calculadora'!$C$7+A46) -> 75 | C46: =IF(A46="","",'Calculadora'!$C$8*(1+'Calculadora'!$C$13)^A46) -> 36853.063 | D46: =IF(A46="","",('Calculadora'!$C$9+IF(AND(B46>='Calculadora'!$C$21,B46<='Calculadora'!$C$22),'Calculadora'!$C$20,0))*(1+'Calculadora'!$C$12)^A46) -> 32471.172 | E46: =IF(A46="","",IF(AND(B46>='Calculadora'!$C$24,B46<='Calculadora'!$C$25),'Calculadora'!$C$23,0)*(1+'Calculadora'!$C$12)^A46) -> 0 | F46: =IF(A46="","",F45*(1+'Calculadora'!$C$29)+C45+E45-D45) -> 1133234.7 | G46: =IF(A46="","",D46-E46+IF(A47="",0,MAX(0,G47/(1+'Calculadora'!$C$29)))) -> 500012.92 | H46: =IF(A46="","",IF('Calculadora'!$C$16="Con la regla del 4 %",IF(F46*'Calculadora'!$C$17>=D46-E46-1E-9,"Sí","No"),IF(F46>=G46-0.005,"Sí","No"))) -> Sí | I46: =IF(A46="","",J45) -> 503293.59 | J46: =IF(A46="","",IF(A46<IF(ISNUMBER('Calculadora'!$C$30),'Calculadora'!$C$30,'Calculadora'!$C$28),I46*(1+'Calculadora'!$C$29)+C46+E46-D46,MAX(0,I46-D46+E46)*(1+'Calculadora'!$C$29))) -> 494363.53 | K46: =IF(A46="","",J46/(1+'Calculadora'!$C$12)^(A46+1)) -> 223892.51
A47: =IF(40<'Calculadora'!$C$28,40,"") -> 40 | B47: =IF(A47="","",'Calculadora'!$C$7+A47) -> 76 | C47: =IF(A47="","",'Calculadora'!$C$8*(1+'Calculadora'!$C$13)^A47) -> 37221.593 | D47: =IF(A47="","",('Calculadora'!$C$9+IF(AND(B47>='Calculadora'!$C$21,B47<='Calculadora'!$C$22),'Calculadora'!$C$20,0))*(1+'Calculadora'!$C$12)^A47) -> 33120.595 | E47: =IF(A47="","",IF(AND(B47>='Calculadora'!$C$24,B47<='Calculadora'!$C$25),'Calculadora'!$C$23,0)*(1+'Calculadora'!$C$12)^A47) -> 0 | F47: =IF(A47="","",F46*(1+'Calculadora'!$C$29)+C46+E46-D46) -> 1194278.4 | G47: =IF(A47="","",D47-E47+IF(A48="",0,MAX(0,G48/(1+'Calculadora'!$C$29)))) -> 490918.83 | H47: =IF(A47="","",IF('Calculadora'!$C$16="Con la regla del 4 %",IF(F47*'Calculadora'!$C$17>=D47-E47-1E-9,"Sí","No"),IF(F47>=G47-0.005,"Sí","No"))) -> Sí | I47: =IF(A47="","",J46) -> 494363.53 | J47: =IF(A47="","",IF(A47<IF(ISNUMBER('Calculadora'!$C$30),'Calculadora'!$C$30,'Calculadora'!$C$28),I47*(1+'Calculadora'!$C$29)+C47+E47-D47,MAX(0,I47-D47+E47)*(1+'Calculadora'!$C$29))) -> 484305.09 | K47: =IF(A47="","",J47/(1+'Calculadora'!$C$12)^(A47+1)) -> 215036.4
A48: =IF(41<'Calculadora'!$C$28,41,"") -> 41 | B48: =IF(A48="","",'Calculadora'!$C$7+A48) -> 77 | C48: =IF(A48="","",'Calculadora'!$C$8*(1+'Calculadora'!$C$13)^A48) -> 37593.809 | D48: =IF(A48="","",('Calculadora'!$C$9+IF(AND(B48>='Calculadora'!$C$21,B48<='Calculadora'!$C$22),'Calculadora'!$C$20,0))*(1+'Calculadora'!$C$12)^A48) -> 33783.007 | E48: =IF(A48="","",IF(AND(B48>='Calculadora'!$C$24,B48<='Calculadora'!$C$25),'Calculadora'!$C$23,0)*(1+'Calculadora'!$C$12)^A48) -> 0 | F48: =IF(A48="","",F47*(1+'Calculadora'!$C$29)+C47+E47-D47) -> 1258093.3 | G48: =IF(A48="","",D48-E48+IF(A49="",0,MAX(0,G49/(1+'Calculadora'!$C$29)))) -> 480688.15 | H48: =IF(A48="","",IF('Calculadora'!$C$16="Con la regla del 4 %",IF(F48*'Calculadora'!$C$17>=D48-E48-1E-9,"Sí","No"),IF(F48>=G48-0.005,"Sí","No"))) -> Sí | I48: =IF(A48="","",J47) -> 484305.09 | J48: =IF(A48="","",IF(A48<IF(ISNUMBER('Calculadora'!$C$30),'Calculadora'!$C$30,'Calculadora'!$C$28),I48*(1+'Calculadora'!$C$29)+C48+E48-D48,MAX(0,I48-D48+E48)*(1+'Calculadora'!$C$29))) -> 473048.18 | K48: =IF(A48="","",J48/(1+'Calculadora'!$C$12)^(A48+1)) -> 205919.83
A49: =IF(42<'Calculadora'!$C$28,42,"") -> 42 | B49: =IF(A49="","",'Calculadora'!$C$7+A49) -> 78 | C49: =IF(A49="","",'Calculadora'!$C$8*(1+'Calculadora'!$C$13)^A49) -> 37969.747 | D49: =IF(A49="","",('Calculadora'!$C$9+IF(AND(B49>='Calculadora'!$C$21,B49<='Calculadora'!$C$22),'Calculadora'!$C$20,0))*(1+'Calculadora'!$C$12)^A49) -> 34458.667 | E49: =IF(A49="","",IF(AND(B49>='Calculadora'!$C$24,B49<='Calculadora'!$C$25),'Calculadora'!$C$23,0)*(1+'Calculadora'!$C$12)^A49) -> 0 | F49: =IF(A49="","",F48*(1+'Calculadora'!$C$29)+C48+E48-D48) -> 1324808.7 | G49: =IF(A49="","",D49-E49+IF(A50="",0,MAX(0,G50/(1+'Calculadora'!$C$29)))) -> 469250.4 | H49: =IF(A49="","",IF('Calculadora'!$C$16="Con la regla del 4 %",IF(F49*'Calculadora'!$C$17>=D49-E49-1E-9,"Sí","No"),IF(F49>=G49-0.005,"Sí","No"))) -> Sí | I49: =IF(A49="","",J48) -> 473048.18 | J49: =IF(A49="","",IF(A49<IF(ISNUMBER('Calculadora'!$C$30),'Calculadora'!$C$30,'Calculadora'!$C$28),I49*(1+'Calculadora'!$C$29)+C49+E49-D49,MAX(0,I49-D49+E49)*(1+'Calculadora'!$C$29))) -> 460518.99 | K49: =IF(A49="","",J49/(1+'Calculadora'!$C$12)^(A49+1)) -> 196535.12
A50: =IF(43<'Calculadora'!$C$28,43,"") -> 43 | B50: =IF(A50="","",'Calculadora'!$C$7+A50) -> 79 | C50: =IF(A50="","",'Calculadora'!$C$8*(1+'Calculadora'!$C$13)^A50) -> 38349.445 | D50: =IF(A50="","",('Calculadora'!$C$9+IF(AND(B50>='Calculadora'!$C$21,B50<='Calculadora'!$C$22),'Calculadora'!$C$20,0))*(1+'Calculadora'!$C$12)^A50) -> 35147.84 | E50: =IF(A50="","",IF(AND(B50>='Calculadora'!$C$24,B50<='Calculadora'!$C$25),'Calculadora'!$C$23,0)*(1+'Calculadora'!$C$12)^A50) -> 0 | F50: =IF(A50="","",F49*(1+'Calculadora'!$C$29)+C49+E49-D49) -> 1394560.3 | G50: =IF(A50="","",D50-E50+IF(A51="",0,MAX(0,G51/(1+'Calculadora'!$C$29)))) -> 456531.32 | H50: =IF(A50="","",IF('Calculadora'!$C$16="Con la regla del 4 %",IF(F50*'Calculadora'!$C$17>=D50-E50-1E-9,"Sí","No"),IF(F50>=G50-0.005,"Sí","No"))) -> Sí | I50: =IF(A50="","",J49) -> 460518.99 | J50: =IF(A50="","",IF(A50<IF(ISNUMBER('Calculadora'!$C$30),'Calculadora'!$C$30,'Calculadora'!$C$28),I50*(1+'Calculadora'!$C$29)+C50+E50-D50,MAX(0,I50-D50+E50)*(1+'Calculadora'!$C$29))) -> 446639.71 | K50: =IF(A50="","",J50/(1+'Calculadora'!$C$12)^(A50+1)) -> 186874.38
A51: =IF(44<'Calculadora'!$C$28,44,"") -> 44 | B51: =IF(A51="","",'Calculadora'!$C$7+A51) -> 80 | C51: =IF(A51="","",'Calculadora'!$C$8*(1+'Calculadora'!$C$13)^A51) -> 38732.939 | D51: =IF(A51="","",('Calculadora'!$C$9+IF(AND(B51>='Calculadora'!$C$21,B51<='Calculadora'!$C$22),'Calculadora'!$C$20,0))*(1+'Calculadora'!$C$12)^A51) -> 35850.797 | E51: =IF(A51="","",IF(AND(B51>='Calculadora'!$C$24,B51<='Calculadora'!$C$25),'Calculadora'!$C$23,0)*(1+'Calculadora'!$C$12)^A51) -> 0 | F51: =IF(A51="","",F50*(1+'Calculadora'!$C$29)+C50+E50-D50) -> 1467489.9 | G51: =IF(A51="","",D51-E51+IF(A52="",0,MAX(0,G52/(1+'Calculadora'!$C$29)))) -> 442452.65 | H51: =IF(A51="","",IF('Calculadora'!$C$16="Con la regla del 4 %",IF(F51*'Calculadora'!$C$17>=D51-E51-1E-9,"Sí","No"),IF(F51>=G51-0.005,"Sí","No"))) -> Sí | I51: =IF(A51="","",J50) -> 446639.71 | J51: =IF(A51="","",IF(A51<IF(ISNUMBER('Calculadora'!$C$30),'Calculadora'!$C$30,'Calculadora'!$C$28),I51*(1+'Calculadora'!$C$29)+C51+E51-D51,MAX(0,I51-D51+E51)*(1+'Calculadora'!$C$29))) -> 431328.36 | K51: =IF(A51="","",J51/(1+'Calculadora'!$C$12)^(A51+1)) -> 176929.51
A52: =IF(45<'Calculadora'!$C$28,45,"") -> 45 | B52: =IF(A52="","",'Calculadora'!$C$7+A52) -> 81 | C52: =IF(A52="","",'Calculadora'!$C$8*(1+'Calculadora'!$C$13)^A52) -> 39120.269 | D52: =IF(A52="","",('Calculadora'!$C$9+IF(AND(B52>='Calculadora'!$C$21,B52<='Calculadora'!$C$22),'Calculadora'!$C$20,0))*(1+'Calculadora'!$C$12)^A52) -> 36567.813 | E52: =IF(A52="","",IF(AND(B52>='Calculadora'!$C$24,B52<='Calculadora'!$C$25),'Calculadora'!$C$23,0)*(1+'Calculadora'!$C$12)^A52) -> 0 | F52: =IF(A52="","",F51*(1+'Calculadora'!$C$29)+C51+E51-D51) -> 1543746.5 | G52: =IF(A52="","",D52-E52+IF(A53="",0,MAX(0,G53/(1+'Calculadora'!$C$29)))) -> 426931.95 | H52: =IF(A52="","",IF('Calculadora'!$C$16="Con la regla del 4 %",IF(F52*'Calculadora'!$C$17>=D52-E52-1E-9,"Sí","No"),IF(F52>=G52-0.005,"Sí","No"))) -> Sí | I52: =IF(A52="","",J51) -> 431328.36 | J52: =IF(A52="","",IF(A52<IF(ISNUMBER('Calculadora'!$C$30),'Calculadora'!$C$30,'Calculadora'!$C$28),I52*(1+'Calculadora'!$C$29)+C52+E52-D52,MAX(0,I52-D52+E52)*(1+'Calculadora'!$C$29))) -> 414498.57 | K52: =IF(A52="","",J52/(1+'Calculadora'!$C$12)^(A52+1)) -> 166692.15
A53: =IF(46<'Calculadora'!$C$28,46,"") -> 46 | B53: =IF(A53="","",'Calculadora'!$C$7+A53) -> 82 | C53: =IF(A53="","",'Calculadora'!$C$8*(1+'Calculadora'!$C$13)^A53) -> 39511.471 | D53: =IF(A53="","",('Calculadora'!$C$9+IF(AND(B53>='Calculadora'!$C$21,B53<='Calculadora'!$C$22),'Calculadora'!$C$20,0))*(1+'Calculadora'!$C$12)^A53) -> 37299.169 | E53: =IF(A53="","",IF(AND(B53>='Calculadora'!$C$24,B53<='Calculadora'!$C$25),'Calculadora'!$C$23,0)*(1+'Calculadora'!$C$12)^A53) -> 0 | F53: =IF(A53="","",F52*(1+'Calculadora'!$C$29)+C52+E52-D52) -> 1623486.3 | G53: =IF(A53="","",D53-E53+IF(A54="",0,MAX(0,G54/(1+'Calculadora'!$C$29)))) -> 409882.34 | H53: =IF(A53="","",IF('Calculadora'!$C$16="Con la regla del 4 %",IF(F53*'Calculadora'!$C$17>=D53-E53-1E-9,"Sí","No"),IF(F53>=G53-0.005,"Sí","No"))) -> Sí | I53: =IF(A53="","",J52) -> 414498.57 | J53: =IF(A53="","",IF(A53<IF(ISNUMBER('Calculadora'!$C$30),'Calculadora'!$C$30,'Calculadora'!$C$28),I53*(1+'Calculadora'!$C$29)+C53+E53-D53,MAX(0,I53-D53+E53)*(1+'Calculadora'!$C$29))) -> 396059.37 | K53: =IF(A53="","",J53/(1+'Calculadora'!$C$12)^(A53+1)) -> 156153.68
A54: =IF(47<'Calculadora'!$C$28,47,"") -> 47 | B54: =IF(A54="","",'Calculadora'!$C$7+A54) -> 83 | C54: =IF(A54="","",'Calculadora'!$C$8*(1+'Calculadora'!$C$13)^A54) -> 39906.586 | D54: =IF(A54="","",('Calculadora'!$C$9+IF(AND(B54>='Calculadora'!$C$21,B54<='Calculadora'!$C$22),'Calculadora'!$C$20,0))*(1+'Calculadora'!$C$12)^A54) -> 38045.153 | E54: =IF(A54="","",IF(AND(B54>='Calculadora'!$C$24,B54<='Calculadora'!$C$25),'Calculadora'!$C$23,0)*(1+'Calculadora'!$C$12)^A54) -> 0 | F54: =IF(A54="","",F53*(1+'Calculadora'!$C$29)+C53+E53-D53) -> 1706872.9 | G54: =IF(A54="","",D54-E54+IF(A55="",0,MAX(0,G55/(1+'Calculadora'!$C$29)))) -> 391212.33 | H54: =IF(A54="","",IF('Calculadora'!$C$16="Con la regla del 4 %",IF(F54*'Calculadora'!$C$17>=D54-E54-1E-9,"Sí","No"),IF(F54>=G54-0.005,"Sí","No"))) -> Sí | I54: =IF(A54="","",J53) -> 396059.37 | J54: =IF(A54="","",IF(A54<IF(ISNUMBER('Calculadora'!$C$30),'Calculadora'!$C$30,'Calculadora'!$C$28),I54*(1+'Calculadora'!$C$29)+C54+E54-D54,MAX(0,I54-D54+E54)*(1+'Calculadora'!$C$29))) -> 375914.93 | K54: =IF(A54="","",J54/(1+'Calculadora'!$C$12)^(A54+1)) -> 145305.26
A55: =IF(48<'Calculadora'!$C$28,48,"") -> 48 | B55: =IF(A55="","",'Calculadora'!$C$7+A55) -> 84 | C55: =IF(A55="","",'Calculadora'!$C$8*(1+'Calculadora'!$C$13)^A55) -> 40305.652 | D55: =IF(A55="","",('Calculadora'!$C$9+IF(AND(B55>='Calculadora'!$C$21,B55<='Calculadora'!$C$22),'Calculadora'!$C$20,0))*(1+'Calculadora'!$C$12)^A55) -> 38806.056 | E55: =IF(A55="","",IF(AND(B55>='Calculadora'!$C$24,B55<='Calculadora'!$C$25),'Calculadora'!$C$23,0)*(1+'Calculadora'!$C$12)^A55) -> 0 | F55: =IF(A55="","",F54*(1+'Calculadora'!$C$29)+C54+E54-D54) -> 1794078 | G55: =IF(A55="","",D55-E55+IF(A56="",0,MAX(0,G56/(1+'Calculadora'!$C$29)))) -> 370825.54 | H55: =IF(A55="","",IF('Calculadora'!$C$16="Con la regla del 4 %",IF(F55*'Calculadora'!$C$17>=D55-E55-1E-9,"Sí","No"),IF(F55>=G55-0.005,"Sí","No"))) -> Sí | I55: =IF(A55="","",J54) -> 375914.93 | J55: =IF(A55="","",IF(A55<IF(ISNUMBER('Calculadora'!$C$30),'Calculadora'!$C$30,'Calculadora'!$C$28),I55*(1+'Calculadora'!$C$29)+C55+E55-D55,MAX(0,I55-D55+E55)*(1+'Calculadora'!$C$29))) -> 353964.32 | K55: =IF(A55="","",J55/(1+'Calculadora'!$C$12)^(A55+1)) -> 134137.77
A56: =IF(49<'Calculadora'!$C$28,49,"") -> 49 | B56: =IF(A56="","",'Calculadora'!$C$7+A56) -> 85 | C56: =IF(A56="","",'Calculadora'!$C$8*(1+'Calculadora'!$C$13)^A56) -> 40708.708 | D56: =IF(A56="","",('Calculadora'!$C$9+IF(AND(B56>='Calculadora'!$C$21,B56<='Calculadora'!$C$22),'Calculadora'!$C$20,0))*(1+'Calculadora'!$C$12)^A56) -> 39582.177 | E56: =IF(A56="","",IF(AND(B56>='Calculadora'!$C$24,B56<='Calculadora'!$C$25),'Calculadora'!$C$23,0)*(1+'Calculadora'!$C$12)^A56) -> 0 | F56: =IF(A56="","",F55*(1+'Calculadora'!$C$29)+C55+E55-D55) -> 1885281.5 | G56: =IF(A56="","",D56-E56+IF(A57="",0,MAX(0,G57/(1+'Calculadora'!$C$29)))) -> 348620.46 | H56: =IF(A56="","",IF('Calculadora'!$C$16="Con la regla del 4 %",IF(F56*'Calculadora'!$C$17>=D56-E56-1E-9,"Sí","No"),IF(F56>=G56-0.005,"Sí","No"))) -> Sí | I56: =IF(A56="","",J55) -> 353964.32 | J56: =IF(A56="","",IF(A56<IF(ISNUMBER('Calculadora'!$C$30),'Calculadora'!$C$30,'Calculadora'!$C$28),I56*(1+'Calculadora'!$C$29)+C56+E56-D56,MAX(0,I56-D56+E56)*(1+'Calculadora'!$C$29))) -> 330101.25 | K56: =IF(A56="","",J56/(1+'Calculadora'!$C$12)^(A56+1)) -> 122641.82
A57: =IF(50<'Calculadora'!$C$28,50,"") -> 50 | B57: =IF(A57="","",'Calculadora'!$C$7+A57) -> 86 | C57: =IF(A57="","",'Calculadora'!$C$8*(1+'Calculadora'!$C$13)^A57) -> 41115.796 | D57: =IF(A57="","",('Calculadora'!$C$9+IF(AND(B57>='Calculadora'!$C$21,B57<='Calculadora'!$C$22),'Calculadora'!$C$20,0))*(1+'Calculadora'!$C$12)^A57) -> 40373.82 | E57: =IF(A57="","",IF(AND(B57>='Calculadora'!$C$24,B57<='Calculadora'!$C$25),'Calculadora'!$C$23,0)*(1+'Calculadora'!$C$12)^A57) -> 0 | F57: =IF(A57="","",F56*(1+'Calculadora'!$C$29)+C56+E56-D56) -> 1980672.1 | G57: =IF(A57="","",D57-E57+IF(A58="",0,MAX(0,G58/(1+'Calculadora'!$C$29)))) -> 324490.19 | H57: =IF(A57="","",IF('Calculadora'!$C$16="Con la regla del 4 %",IF(F57*'Calculadora'!$C$17>=D57-E57-1E-9,"Sí","No"),IF(F57>=G57-0.005,"Sí","No"))) -> Sí | I57: =IF(A57="","",J56) -> 330101.25 | J57: =IF(A57="","",IF(A57<IF(ISNUMBER('Calculadora'!$C$30),'Calculadora'!$C$30,'Calculadora'!$C$28),I57*(1+'Calculadora'!$C$29)+C57+E57-D57,MAX(0,I57-D57+E57)*(1+'Calculadora'!$C$29))) -> 304213.8 | K57: =IF(A57="","",J57/(1+'Calculadora'!$C$12)^(A57+1)) -> 110807.75
A58: =IF(51<'Calculadora'!$C$28,51,"") -> 51 | B58: =IF(A58="","",'Calculadora'!$C$7+A58) -> 87 | C58: =IF(A58="","",'Calculadora'!$C$8*(1+'Calculadora'!$C$13)^A58) -> 41526.954 | D58: =IF(A58="","",('Calculadora'!$C$9+IF(AND(B58>='Calculadora'!$C$21,B58<='Calculadora'!$C$22),'Calculadora'!$C$20,0))*(1+'Calculadora'!$C$12)^A58) -> 41181.297 | E58: =IF(A58="","",IF(AND(B58>='Calculadora'!$C$24,B58<='Calculadora'!$C$25),'Calculadora'!$C$23,0)*(1+'Calculadora'!$C$12)^A58) -> 0 | F58: =IF(A58="","",F57*(1+'Calculadora'!$C$29)+C57+E57-D57) -> 2080447.7 | G58: =IF(A58="","",D58-E58+IF(A59="",0,MAX(0,G59/(1+'Calculadora'!$C$29)))) -> 298322.19 | H58: =IF(A58="","",IF('Calculadora'!$C$16="Con la regla del 4 %",IF(F58*'Calculadora'!$C$17>=D58-E58-1E-9,"Sí","No"),IF(F58>=G58-0.005,"Sí","No"))) -> Sí | I58: =IF(A58="","",J57) -> 304213.8 | J58: =IF(A58="","",IF(A58<IF(ISNUMBER('Calculadora'!$C$30),'Calculadora'!$C$30,'Calculadora'!$C$28),I58*(1+'Calculadora'!$C$29)+C58+E58-D58,MAX(0,I58-D58+E58)*(1+'Calculadora'!$C$29))) -> 276184.13 | K58: =IF(A58="","",J58/(1+'Calculadora'!$C$12)^(A58+1)) -> 98625.629
A59: =IF(52<'Calculadora'!$C$28,52,"") -> 52 | B59: =IF(A59="","",'Calculadora'!$C$7+A59) -> 88 | C59: =IF(A59="","",'Calculadora'!$C$8*(1+'Calculadora'!$C$13)^A59) -> 41942.223 | D59: =IF(A59="","",('Calculadora'!$C$9+IF(AND(B59>='Calculadora'!$C$21,B59<='Calculadora'!$C$22),'Calculadora'!$C$20,0))*(1+'Calculadora'!$C$12)^A59) -> 42004.923 | E59: =IF(A59="","",IF(AND(B59>='Calculadora'!$C$24,B59<='Calculadora'!$C$25),'Calculadora'!$C$23,0)*(1+'Calculadora'!$C$12)^A59) -> 0 | F59: =IF(A59="","",F58*(1+'Calculadora'!$C$29)+C58+E58-D58) -> 2184815.7 | G59: =IF(A59="","",D59-E59+IF(A60="",0,MAX(0,G60/(1+'Calculadora'!$C$29)))) -> 269997.94 | H59: =IF(A59="","",IF('Calculadora'!$C$16="Con la regla del 4 %",IF(F59*'Calculadora'!$C$17>=D59-E59-1E-9,"Sí","No"),IF(F59>=G59-0.005,"Sí","No"))) -> Sí | I59: =IF(A59="","",J58) -> 276184.13 | J59: =IF(A59="","",IF(A59<IF(ISNUMBER('Calculadora'!$C$30),'Calculadora'!$C$30,'Calculadora'!$C$28),I59*(1+'Calculadora'!$C$29)+C59+E59-D59,MAX(0,I59-D59+E59)*(1+'Calculadora'!$C$29))) -> 245888.17 | K59: =IF(A59="","",J59/(1+'Calculadora'!$C$12)^(A59+1)) -> 86085.206
A60: =IF(53<'Calculadora'!$C$28,53,"") -> 53 | B60: =IF(A60="","",'Calculadora'!$C$7+A60) -> 89 | C60: =IF(A60="","",'Calculadora'!$C$8*(1+'Calculadora'!$C$13)^A60) -> 42361.645 | D60: =IF(A60="","",('Calculadora'!$C$9+IF(AND(B60>='Calculadora'!$C$21,B60<='Calculadora'!$C$22),'Calculadora'!$C$20,0))*(1+'Calculadora'!$C$12)^A60) -> 42845.021 | E60: =IF(A60="","",IF(AND(B60>='Calculadora'!$C$24,B60<='Calculadora'!$C$25),'Calculadora'!$C$23,0)*(1+'Calculadora'!$C$12)^A60) -> 0 | F60: =IF(A60="","",F59*(1+'Calculadora'!$C$29)+C59+E59-D59) -> 2293993.8 | G60: =IF(A60="","",D60-E60+IF(A61="",0,MAX(0,G61/(1+'Calculadora'!$C$29)))) -> 239392.67 | H60: =IF(A60="","",IF('Calculadora'!$C$16="Con la regla del 4 %",IF(F60*'Calculadora'!$C$17>=D60-E60-1E-9,"Sí","No"),IF(F60>=G60-0.005,"Sí","No"))) -> Sí | I60: =IF(A60="","",J59) -> 245888.17 | J60: =IF(A60="","",IF(A60<IF(ISNUMBER('Calculadora'!$C$30),'Calculadora'!$C$30,'Calculadora'!$C$28),I60*(1+'Calculadora'!$C$29)+C60+E60-D60,MAX(0,I60-D60+E60)*(1+'Calculadora'!$C$29))) -> 213195.3 | K60: =IF(A60="","",J60/(1+'Calculadora'!$C$12)^(A60+1)) -> 73175.948
A61: =IF(54<'Calculadora'!$C$28,54,"") -> 54 | B61: =IF(A61="","",'Calculadora'!$C$7+A61) -> 90 | C61: =IF(A61="","",'Calculadora'!$C$8*(1+'Calculadora'!$C$13)^A61) -> 42785.262 | D61: =IF(A61="","",('Calculadora'!$C$9+IF(AND(B61>='Calculadora'!$C$21,B61<='Calculadora'!$C$22),'Calculadora'!$C$20,0))*(1+'Calculadora'!$C$12)^A61) -> 43701.922 | E61: =IF(A61="","",IF(AND(B61>='Calculadora'!$C$24,B61<='Calculadora'!$C$25),'Calculadora'!$C$23,0)*(1+'Calculadora'!$C$12)^A61) -> 0 | F61: =IF(A61="","",F60*(1+'Calculadora'!$C$29)+C60+E60-D60) -> 2408210.1 | G61: =IF(A61="","",D61-E61+IF(A62="",0,MAX(0,G62/(1+'Calculadora'!$C$29)))) -> 206375.03 | H61: =IF(A61="","",IF('Calculadora'!$C$16="Con la regla del 4 %",IF(F61*'Calculadora'!$C$17>=D61-E61-1E-9,"Sí","No"),IF(F61>=G61-0.005,"Sí","No"))) -> Sí | I61: =IF(A61="","",J60) -> 213195.3 | J61: =IF(A61="","",IF(A61<IF(ISNUMBER('Calculadora'!$C$30),'Calculadora'!$C$30,'Calculadora'!$C$28),I61*(1+'Calculadora'!$C$29)+C61+E61-D61,MAX(0,I61-D61+E61)*(1+'Calculadora'!$C$29))) -> 177968.05 | K61: =IF(A61="","",J61/(1+'Calculadora'!$C$12)^(A61+1)) -> 59887.005
A62: =IF(55<'Calculadora'!$C$28,55,"") -> 55 | B62: =IF(A62="","",'Calculadora'!$C$7+A62) -> 91 | C62: =IF(A62="","",'Calculadora'!$C$8*(1+'Calculadora'!$C$13)^A62) -> 43213.114 | D62: =IF(A62="","",('Calculadora'!$C$9+IF(AND(B62>='Calculadora'!$C$21,B62<='Calculadora'!$C$22),'Calculadora'!$C$20,0))*(1+'Calculadora'!$C$12)^A62) -> 44575.96 | E62: =IF(A62="","",IF(AND(B62>='Calculadora'!$C$24,B62<='Calculadora'!$C$25),'Calculadora'!$C$23,0)*(1+'Calculadora'!$C$12)^A62) -> 0 | F62: =IF(A62="","",F61*(1+'Calculadora'!$C$29)+C61+E61-D61) -> 2527704 | G62: =IF(A62="","",D62-E62+IF(A63="",0,MAX(0,G63/(1+'Calculadora'!$C$29)))) -> 170806.76 | H62: =IF(A62="","",IF('Calculadora'!$C$16="Con la regla del 4 %",IF(F62*'Calculadora'!$C$17>=D62-E62-1E-9,"Sí","No"),IF(F62>=G62-0.005,"Sí","No"))) -> Sí | I62: =IF(A62="","",J61) -> 177968.05 | J62: =IF(A62="","",IF(A62<IF(ISNUMBER('Calculadora'!$C$30),'Calculadora'!$C$30,'Calculadora'!$C$28),I62*(1+'Calculadora'!$C$29)+C62+E62-D62,MAX(0,I62-D62+E62)*(1+'Calculadora'!$C$29))) -> 140061.69 | K62: =IF(A62="","",J62/(1+'Calculadora'!$C$12)^(A62+1)) -> 46207.211
A63: =IF(56<'Calculadora'!$C$28,56,"") -> 56 | B63: =IF(A63="","",'Calculadora'!$C$7+A63) -> 92 | C63: =IF(A63="","",'Calculadora'!$C$8*(1+'Calculadora'!$C$13)^A63) -> 43645.245 | D63: =IF(A63="","",('Calculadora'!$C$9+IF(AND(B63>='Calculadora'!$C$21,B63<='Calculadora'!$C$22),'Calculadora'!$C$20,0))*(1+'Calculadora'!$C$12)^A63) -> 45467.479 | E63: =IF(A63="","",IF(AND(B63>='Calculadora'!$C$24,B63<='Calculadora'!$C$25),'Calculadora'!$C$23,0)*(1+'Calculadora'!$C$12)^A63) -> 0 | F63: =IF(A63="","",F62*(1+'Calculadora'!$C$29)+C62+E62-D62) -> 2652726.3 | G63: =IF(A63="","",D63-E63+IF(A64="",0,MAX(0,G64/(1+'Calculadora'!$C$29)))) -> 132542.34 | H63: =IF(A63="","",IF('Calculadora'!$C$16="Con la regla del 4 %",IF(F63*'Calculadora'!$C$17>=D63-E63-1E-9,"Sí","No"),IF(F63>=G63-0.005,"Sí","No"))) -> Sí | I63: =IF(A63="","",J62) -> 140061.69 | J63: =IF(A63="","",IF(A63<IF(ISNUMBER('Calculadora'!$C$30),'Calculadora'!$C$30,'Calculadora'!$C$28),I63*(1+'Calculadora'!$C$29)+C63+E63-D63,MAX(0,I63-D63+E63)*(1+'Calculadora'!$C$29))) -> 99323.926 | K63: =IF(A63="","",J63/(1+'Calculadora'!$C$12)^(A63+1)) -> 32125.07
A64: =IF(57<'Calculadora'!$C$28,57,"") -> 57 | B64: =IF(A64="","",'Calculadora'!$C$7+A64) -> 93 | C64: =IF(A64="","",'Calculadora'!$C$8*(1+'Calculadora'!$C$13)^A64) -> 44081.698 | D64: =IF(A64="","",('Calculadora'!$C$9+IF(AND(B64>='Calculadora'!$C$21,B64<='Calculadora'!$C$22),'Calculadora'!$C$20,0))*(1+'Calculadora'!$C$12)^A64) -> 46376.829 | E64: =IF(A64="","",IF(AND(B64>='Calculadora'!$C$24,B64<='Calculadora'!$C$25),'Calculadora'!$C$23,0)*(1+'Calculadora'!$C$12)^A64) -> 0 | F64: =IF(A64="","",F63*(1+'Calculadora'!$C$29)+C63+E63-D63) -> 2783540.4 | G64: =IF(A64="","",D64-E64+IF(A65="",0,MAX(0,G65/(1+'Calculadora'!$C$29)))) -> 91428.606 | H64: =IF(A64="","",IF('Calculadora'!$C$16="Con la regla del 4 %",IF(F64*'Calculadora'!$C$17>=D64-E64-1E-9,"Sí","No"),IF(F64>=G64-0.005,"Sí","No"))) -> Sí | I64: =IF(A64="","",J63) -> 99323.926 | J64: =IF(A64="","",IF(A64<IF(ISNUMBER('Calculadora'!$C$30),'Calculadora'!$C$30,'Calculadora'!$C$28),I64*(1+'Calculadora'!$C$29)+C64+E64-D64,MAX(0,I64-D64+E64)*(1+'Calculadora'!$C$29))) -> 55594.452 | K64: =IF(A64="","",J64/(1+'Calculadora'!$C$12)^(A64+1)) -> 17628.749
A65: =IF(58<'Calculadora'!$C$28,58,"") -> 58 | B65: =IF(A65="","",'Calculadora'!$C$7+A65) -> 94 | C65: =IF(A65="","",'Calculadora'!$C$8*(1+'Calculadora'!$C$13)^A65) -> 44522.515 | D65: =IF(A65="","",('Calculadora'!$C$9+IF(AND(B65>='Calculadora'!$C$21,B65<='Calculadora'!$C$22),'Calculadora'!$C$20,0))*(1+'Calculadora'!$C$12)^A65) -> 47304.365 | E65: =IF(A65="","",IF(AND(B65>='Calculadora'!$C$24,B65<='Calculadora'!$C$25),'Calculadora'!$C$23,0)*(1+'Calculadora'!$C$12)^A65) -> 0 | F65: =IF(A65="","",F64*(1+'Calculadora'!$C$29)+C64+E64-D64) -> 2920422.3 | G65: =IF(A65="","",D65-E65+IF(A66="",0,MAX(0,G66/(1+'Calculadora'!$C$29)))) -> 47304.365 | H65: =IF(A65="","",IF('Calculadora'!$C$16="Con la regla del 4 %",IF(F65*'Calculadora'!$C$17>=D65-E65-1E-9,"Sí","No"),IF(F65>=G65-0.005,"Sí","No"))) -> Sí | I65: =IF(A65="","",J64) -> 55594.452 | J65: =IF(A65="","",IF(A65<IF(ISNUMBER('Calculadora'!$C$30),'Calculadora'!$C$30,'Calculadora'!$C$28),I65*(1+'Calculadora'!$C$29)+C65+E65-D65,MAX(0,I65-D65+E65)*(1+'Calculadora'!$C$29))) -> 8704.5908 | K65: =IF(A65="","",J65/(1+'Calculadora'!$C$12)^(A65+1)) -> 2706.065
A66: =IF(59<'Calculadora'!$C$28,59,"") | B66: =IF(A66="","",'Calculadora'!$C$7+A66) | C66: =IF(A66="","",'Calculadora'!$C$8*(1+'Calculadora'!$C$13)^A66) | D66: =IF(A66="","",('Calculadora'!$C$9+IF(AND(B66>='Calculadora'!$C$21,B66<='Calculadora'!$C$22),'Calculadora'!$C$20,0))*(1+'Calculadora'!$C$12)^A66) | E66: =IF(A66="","",IF(AND(B66>='Calculadora'!$C$24,B66<='Calculadora'!$C$25),'Calculadora'!$C$23,0)*(1+'Calculadora'!$C$12)^A66) | F66: =IF(A66="","",F65*(1+'Calculadora'!$C$29)+C65+E65-D65) | G66: =IF(A66="","",D66-E66+IF(A67="",0,MAX(0,G67/(1+'Calculadora'!$C$29)))) | H66: =IF(A66="","",IF('Calculadora'!$C$16="Con la regla del 4 %",IF(F66*'Calculadora'!$C$17>=D66-E66-1E-9,"Sí","No"),IF(F66>=G66-0.005,"Sí","No"))) | I66: =IF(A66="","",J65) | J66: =IF(A66="","",IF(A66<IF(ISNUMBER('Calculadora'!$C$30),'Calculadora'!$C$30,'Calculadora'!$C$28),I66*(1+'Calculadora'!$C$29)+C66+E66-D66,MAX(0,I66-D66+E66)*(1+'Calculadora'!$C$29))) | K66: =IF(A66="","",J66/(1+'Calculadora'!$C$12)^(A66+1))
A67: =IF(60<'Calculadora'!$C$28,60,"") | B67: =IF(A67="","",'Calculadora'!$C$7+A67) | C67: =IF(A67="","",'Calculadora'!$C$8*(1+'Calculadora'!$C$13)^A67) | D67: =IF(A67="","",('Calculadora'!$C$9+IF(AND(B67>='Calculadora'!$C$21,B67<='Calculadora'!$C$22),'Calculadora'!$C$20,0))*(1+'Calculadora'!$C$12)^A67) | E67: =IF(A67="","",IF(AND(B67>='Calculadora'!$C$24,B67<='Calculadora'!$C$25),'Calculadora'!$C$23,0)*(1+'Calculadora'!$C$12)^A67) | F67: =IF(A67="","",F66*(1+'Calculadora'!$C$29)+C66+E66-D66) | G67: =IF(A67="","",D67-E67+IF(A68="",0,MAX(0,G68/(1+'Calculadora'!$C$29)))) | H67: =IF(A67="","",IF('Calculadora'!$C$16="Con la regla del 4 %",IF(F67*'Calculadora'!$C$17>=D67-E67-1E-9,"Sí","No"),IF(F67>=G67-0.005,"Sí","No"))) | I67: =IF(A67="","",J66) | J67: =IF(A67="","",IF(A67<IF(ISNUMBER('Calculadora'!$C$30),'Calculadora'!$C$30,'Calculadora'!$C$28),I67*(1+'Calculadora'!$C$29)+C67+E67-D67,MAX(0,I67-D67+E67)*(1+'Calculadora'!$C$29))) | K67: =IF(A67="","",J67/(1+'Calculadora'!$C$12)^(A67+1))
A68: =IF(61<'Calculadora'!$C$28,61,"") | B68: =IF(A68="","",'Calculadora'!$C$7+A68) | C68: =IF(A68="","",'Calculadora'!$C$8*(1+'Calculadora'!$C$13)^A68) | D68: =IF(A68="","",('Calculadora'!$C$9+IF(AND(B68>='Calculadora'!$C$21,B68<='Calculadora'!$C$22),'Calculadora'!$C$20,0))*(1+'Calculadora'!$C$12)^A68) | E68: =IF(A68="","",IF(AND(B68>='Calculadora'!$C$24,B68<='Calculadora'!$C$25),'Calculadora'!$C$23,0)*(1+'Calculadora'!$C$12)^A68) | F68: =IF(A68="","",F67*(1+'Calculadora'!$C$29)+C67+E67-D67) | G68: =IF(A68="","",D68-E68+IF(A69="",0,MAX(0,G69/(1+'Calculadora'!$C$29)))) | H68: =IF(A68="","",IF('Calculadora'!$C$16="Con la regla del 4 %",IF(F68*'Calculadora'!$C$17>=D68-E68-1E-9,"Sí","No"),IF(F68>=G68-0.005,"Sí","No"))) | I68: =IF(A68="","",J67) | J68: =IF(A68="","",IF(A68<IF(ISNUMBER('Calculadora'!$C$30),'Calculadora'!$C$30,'Calculadora'!$C$28),I68*(1+'Calculadora'!$C$29)+C68+E68-D68,MAX(0,I68-D68+E68)*(1+'Calculadora'!$C$29))) | K68: =IF(A68="","",J68/(1+'Calculadora'!$C$12)^(A68+1))
A69: =IF(62<'Calculadora'!$C$28,62,"") | B69: =IF(A69="","",'Calculadora'!$C$7+A69) | C69: =IF(A69="","",'Calculadora'!$C$8*(1+'Calculadora'!$C$13)^A69) | D69: =IF(A69="","",('Calculadora'!$C$9+IF(AND(B69>='Calculadora'!$C$21,B69<='Calculadora'!$C$22),'Calculadora'!$C$20,0))*(1+'Calculadora'!$C$12)^A69) | E69: =IF(A69="","",IF(AND(B69>='Calculadora'!$C$24,B69<='Calculadora'!$C$25),'Calculadora'!$C$23,0)*(1+'Calculadora'!$C$12)^A69) | F69: =IF(A69="","",F68*(1+'Calculadora'!$C$29)+C68+E68-D68) | G69: =IF(A69="","",D69-E69+IF(A70="",0,MAX(0,G70/(1+'Calculadora'!$C$29)))) | H69: =IF(A69="","",IF('Calculadora'!$C$16="Con la regla del 4 %",IF(F69*'Calculadora'!$C$17>=D69-E69-1E-9,"Sí","No"),IF(F69>=G69-0.005,"Sí","No"))) | I69: =IF(A69="","",J68) | J69: =IF(A69="","",IF(A69<IF(ISNUMBER('Calculadora'!$C$30),'Calculadora'!$C$30,'Calculadora'!$C$28),I69*(1+'Calculadora'!$C$29)+C69+E69-D69,MAX(0,I69-D69+E69)*(1+'Calculadora'!$C$29))) | K69: =IF(A69="","",J69/(1+'Calculadora'!$C$12)^(A69+1))
A70: =IF(63<'Calculadora'!$C$28,63,"") | B70: =IF(A70="","",'Calculadora'!$C$7+A70) | C70: =IF(A70="","",'Calculadora'!$C$8*(1+'Calculadora'!$C$13)^A70) | D70: =IF(A70="","",('Calculadora'!$C$9+IF(AND(B70>='Calculadora'!$C$21,B70<='Calculadora'!$C$22),'Calculadora'!$C$20,0))*(1+'Calculadora'!$C$12)^A70) | E70: =IF(A70="","",IF(AND(B70>='Calculadora'!$C$24,B70<='Calculadora'!$C$25),'Calculadora'!$C$23,0)*(1+'Calculadora'!$C$12)^A70) | F70: =IF(A70="","",F69*(1+'Calculadora'!$C$29)+C69+E69-D69) | G70: =IF(A70="","",D70-E70+IF(A71="",0,MAX(0,G71/(1+'Calculadora'!$C$29)))) | H70: =IF(A70="","",IF('Calculadora'!$C$16="Con la regla del 4 %",IF(F70*'Calculadora'!$C$17>=D70-E70-1E-9,"Sí","No"),IF(F70>=G70-0.005,"Sí","No"))) | I70: =IF(A70="","",J69) | J70: =IF(A70="","",IF(A70<IF(ISNUMBER('Calculadora'!$C$30),'Calculadora'!$C$30,'Calculadora'!$C$28),I70*(1+'Calculadora'!$C$29)+C70+E70-D70,MAX(0,I70-D70+E70)*(1+'Calculadora'!$C$29))) | K70: =IF(A70="","",J70/(1+'Calculadora'!$C$12)^(A70+1))
A71: =IF(64<'Calculadora'!$C$28,64,"") | B71: =IF(A71="","",'Calculadora'!$C$7+A71) | C71: =IF(A71="","",'Calculadora'!$C$8*(1+'Calculadora'!$C$13)^A71) | D71: =IF(A71="","",('Calculadora'!$C$9+IF(AND(B71>='Calculadora'!$C$21,B71<='Calculadora'!$C$22),'Calculadora'!$C$20,0))*(1+'Calculadora'!$C$12)^A71) | E71: =IF(A71="","",IF(AND(B71>='Calculadora'!$C$24,B71<='Calculadora'!$C$25),'Calculadora'!$C$23,0)*(1+'Calculadora'!$C$12)^A71) | F71: =IF(A71="","",F70*(1+'Calculadora'!$C$29)+C70+E70-D70) | G71: =IF(A71="","",D71-E71+IF(A72="",0,MAX(0,G72/(1+'Calculadora'!$C$29)))) | H71: =IF(A71="","",IF('Calculadora'!$C$16="Con la regla del 4 %",IF(F71*'Calculadora'!$C$17>=D71-E71-1E-9,"Sí","No"),IF(F71>=G71-0.005,"Sí","No"))) | I71: =IF(A71="","",J70) | J71: =IF(A71="","",IF(A71<IF(ISNUMBER('Calculadora'!$C$30),'Calculadora'!$C$30,'Calculadora'!$C$28),I71*(1+'Calculadora'!$C$29)+C71+E71-D71,MAX(0,I71-D71+E71)*(1+'Calculadora'!$C$29))) | K71: =IF(A71="","",J71/(1+'Calculadora'!$C$12)^(A71+1))
A72: =IF(65<'Calculadora'!$C$28,65,"") | B72: =IF(A72="","",'Calculadora'!$C$7+A72) | C72: =IF(A72="","",'Calculadora'!$C$8*(1+'Calculadora'!$C$13)^A72) | D72: =IF(A72="","",('Calculadora'!$C$9+IF(AND(B72>='Calculadora'!$C$21,B72<='Calculadora'!$C$22),'Calculadora'!$C$20,0))*(1+'Calculadora'!$C$12)^A72) | E72: =IF(A72="","",IF(AND(B72>='Calculadora'!$C$24,B72<='Calculadora'!$C$25),'Calculadora'!$C$23,0)*(1+'Calculadora'!$C$12)^A72) | F72: =IF(A72="","",F71*(1+'Calculadora'!$C$29)+C71+E71-D71) | G72: =IF(A72="","",D72-E72+IF(A73="",0,MAX(0,G73/(1+'Calculadora'!$C$29)))) | H72: =IF(A72="","",IF('Calculadora'!$C$16="Con la regla del 4 %",IF(F72*'Calculadora'!$C$17>=D72-E72-1E-9,"Sí","No"),IF(F72>=G72-0.005,"Sí","No"))) | I72: =IF(A72="","",J71) | J72: =IF(A72="","",IF(A72<IF(ISNUMBER('Calculadora'!$C$30),'Calculadora'!$C$30,'Calculadora'!$C$28),I72*(1+'Calculadora'!$C$29)+C72+E72-D72,MAX(0,I72-D72+E72)*(1+'Calculadora'!$C$29))) | K72: =IF(A72="","",J72/(1+'Calculadora'!$C$12)^(A72+1))
A73: =IF(66<'Calculadora'!$C$28,66,"") | B73: =IF(A73="","",'Calculadora'!$C$7+A73) | C73: =IF(A73="","",'Calculadora'!$C$8*(1+'Calculadora'!$C$13)^A73) | D73: =IF(A73="","",('Calculadora'!$C$9+IF(AND(B73>='Calculadora'!$C$21,B73<='Calculadora'!$C$22),'Calculadora'!$C$20,0))*(1+'Calculadora'!$C$12)^A73) | E73: =IF(A73="","",IF(AND(B73>='Calculadora'!$C$24,B73<='Calculadora'!$C$25),'Calculadora'!$C$23,0)*(1+'Calculadora'!$C$12)^A73) | F73: =IF(A73="","",F72*(1+'Calculadora'!$C$29)+C72+E72-D72) | G73: =IF(A73="","",D73-E73+IF(A74="",0,MAX(0,G74/(1+'Calculadora'!$C$29)))) | H73: =IF(A73="","",IF('Calculadora'!$C$16="Con la regla del 4 %",IF(F73*'Calculadora'!$C$17>=D73-E73-1E-9,"Sí","No"),IF(F73>=G73-0.005,"Sí","No"))) | I73: =IF(A73="","",J72) | J73: =IF(A73="","",IF(A73<IF(ISNUMBER('Calculadora'!$C$30),'Calculadora'!$C$30,'Calculadora'!$C$28),I73*(1+'Calculadora'!$C$29)+C73+E73-D73,MAX(0,I73-D73+E73)*(1+'Calculadora'!$C$29))) | K73: =IF(A73="","",J73/(1+'Calculadora'!$C$12)^(A73+1))
A74: =IF(67<'Calculadora'!$C$28,67,"") | B74: =IF(A74="","",'Calculadora'!$C$7+A74) | C74: =IF(A74="","",'Calculadora'!$C$8*(1+'Calculadora'!$C$13)^A74) | D74: =IF(A74="","",('Calculadora'!$C$9+IF(AND(B74>='Calculadora'!$C$21,B74<='Calculadora'!$C$22),'Calculadora'!$C$20,0))*(1+'Calculadora'!$C$12)^A74) | E74: =IF(A74="","",IF(AND(B74>='Calculadora'!$C$24,B74<='Calculadora'!$C$25),'Calculadora'!$C$23,0)*(1+'Calculadora'!$C$12)^A74) | F74: =IF(A74="","",F73*(1+'Calculadora'!$C$29)+C73+E73-D73) | G74: =IF(A74="","",D74-E74+IF(A75="",0,MAX(0,G75/(1+'Calculadora'!$C$29)))) | H74: =IF(A74="","",IF('Calculadora'!$C$16="Con la regla del 4 %",IF(F74*'Calculadora'!$C$17>=D74-E74-1E-9,"Sí","No"),IF(F74>=G74-0.005,"Sí","No"))) | I74: =IF(A74="","",J73) | J74: =IF(A74="","",IF(A74<IF(ISNUMBER('Calculadora'!$C$30),'Calculadora'!$C$30,'Calculadora'!$C$28),I74*(1+'Calculadora'!$C$29)+C74+E74-D74,MAX(0,I74-D74+E74)*(1+'Calculadora'!$C$29))) | K74: =IF(A74="","",J74/(1+'Calculadora'!$C$12)^(A74+1))
A75: =IF(68<'Calculadora'!$C$28,68,"") | B75: =IF(A75="","",'Calculadora'!$C$7+A75) | C75: =IF(A75="","",'Calculadora'!$C$8*(1+'Calculadora'!$C$13)^A75) | D75: =IF(A75="","",('Calculadora'!$C$9+IF(AND(B75>='Calculadora'!$C$21,B75<='Calculadora'!$C$22),'Calculadora'!$C$20,0))*(1+'Calculadora'!$C$12)^A75) | E75: =IF(A75="","",IF(AND(B75>='Calculadora'!$C$24,B75<='Calculadora'!$C$25),'Calculadora'!$C$23,0)*(1+'Calculadora'!$C$12)^A75) | F75: =IF(A75="","",F74*(1+'Calculadora'!$C$29)+C74+E74-D74) | G75: =IF(A75="","",D75-E75+IF(A76="",0,MAX(0,G76/(1+'Calculadora'!$C$29)))) | H75: =IF(A75="","",IF('Calculadora'!$C$16="Con la regla del 4 %",IF(F75*'Calculadora'!$C$17>=D75-E75-1E-9,"Sí","No"),IF(F75>=G75-0.005,"Sí","No"))) | I75: =IF(A75="","",J74) | J75: =IF(A75="","",IF(A75<IF(ISNUMBER('Calculadora'!$C$30),'Calculadora'!$C$30,'Calculadora'!$C$28),I75*(1+'Calculadora'!$C$29)+C75+E75-D75,MAX(0,I75-D75+E75)*(1+'Calculadora'!$C$29))) | K75: =IF(A75="","",J75/(1+'Calculadora'!$C$12)^(A75+1))
A76: =IF(69<'Calculadora'!$C$28,69,"") | B76: =IF(A76="","",'Calculadora'!$C$7+A76) | C76: =IF(A76="","",'Calculadora'!$C$8*(1+'Calculadora'!$C$13)^A76) | D76: =IF(A76="","",('Calculadora'!$C$9+IF(AND(B76>='Calculadora'!$C$21,B76<='Calculadora'!$C$22),'Calculadora'!$C$20,0))*(1+'Calculadora'!$C$12)^A76) | E76: =IF(A76="","",IF(AND(B76>='Calculadora'!$C$24,B76<='Calculadora'!$C$25),'Calculadora'!$C$23,0)*(1+'Calculadora'!$C$12)^A76) | F76: =IF(A76="","",F75*(1+'Calculadora'!$C$29)+C75+E75-D75) | G76: =IF(A76="","",D76-E76+IF(A77="",0,MAX(0,G77/(1+'Calculadora'!$C$29)))) | H76: =IF(A76="","",IF('Calculadora'!$C$16="Con la regla del 4 %",IF(F76*'Calculadora'!$C$17>=D76-E76-1E-9,"Sí","No"),IF(F76>=G76-0.005,"Sí","No"))) | I76: =IF(A76="","",J75) | J76: =IF(A76="","",IF(A76<IF(ISNUMBER('Calculadora'!$C$30),'Calculadora'!$C$30,'Calculadora'!$C$28),I76*(1+'Calculadora'!$C$29)+C76+E76-D76,MAX(0,I76-D76+E76)*(1+'Calculadora'!$C$29))) | K76: =IF(A76="","",J76/(1+'Calculadora'!$C$12)^(A76+1))
A77: =IF(70<'Calculadora'!$C$28,70,"") | B77: =IF(A77="","",'Calculadora'!$C$7+A77) | C77: =IF(A77="","",'Calculadora'!$C$8*(1+'Calculadora'!$C$13)^A77) | D77: =IF(A77="","",('Calculadora'!$C$9+IF(AND(B77>='Calculadora'!$C$21,B77<='Calculadora'!$C$22),'Calculadora'!$C$20,0))*(1+'Calculadora'!$C$12)^A77) | E77: =IF(A77="","",IF(AND(B77>='Calculadora'!$C$24,B77<='Calculadora'!$C$25),'Calculadora'!$C$23,0)*(1+'Calculadora'!$C$12)^A77) | F77: =IF(A77="","",F76*(1+'Calculadora'!$C$29)+C76+E76-D76) | G77: =IF(A77="","",D77-E77+IF(A78="",0,MAX(0,G78/(1+'Calculadora'!$C$29)))) | H77: =IF(A77="","",IF('Calculadora'!$C$16="Con la regla del 4 %",IF(F77*'Calculadora'!$C$17>=D77-E77-1E-9,"Sí","No"),IF(F77>=G77-0.005,"Sí","No"))) | I77: =IF(A77="","",J76) | J77: =IF(A77="","",IF(A77<IF(ISNUMBER('Calculadora'!$C$30),'Calculadora'!$C$30,'Calculadora'!$C$28),I77*(1+'Calculadora'!$C$29)+C77+E77-D77,MAX(0,I77-D77+E77)*(1+'Calculadora'!$C$29))) | K77: =IF(A77="","",J77/(1+'Calculadora'!$C$12)^(A77+1))
A78: =IF(71<'Calculadora'!$C$28,71,"") | B78: =IF(A78="","",'Calculadora'!$C$7+A78) | C78: =IF(A78="","",'Calculadora'!$C$8*(1+'Calculadora'!$C$13)^A78) | D78: =IF(A78="","",('Calculadora'!$C$9+IF(AND(B78>='Calculadora'!$C$21,B78<='Calculadora'!$C$22),'Calculadora'!$C$20,0))*(1+'Calculadora'!$C$12)^A78) | E78: =IF(A78="","",IF(AND(B78>='Calculadora'!$C$24,B78<='Calculadora'!$C$25),'Calculadora'!$C$23,0)*(1+'Calculadora'!$C$12)^A78) | F78: =IF(A78="","",F77*(1+'Calculadora'!$C$29)+C77+E77-D77) | G78: =IF(A78="","",D78-E78+IF(A79="",0,MAX(0,G79/(1+'Calculadora'!$C$29)))) | H78: =IF(A78="","",IF('Calculadora'!$C$16="Con la regla del 4 %",IF(F78*'Calculadora'!$C$17>=D78-E78-1E-9,"Sí","No"),IF(F78>=G78-0.005,"Sí","No"))) | I78: =IF(A78="","",J77) | J78: =IF(A78="","",IF(A78<IF(ISNUMBER('Calculadora'!$C$30),'Calculadora'!$C$30,'Calculadora'!$C$28),I78*(1+'Calculadora'!$C$29)+C78+E78-D78,MAX(0,I78-D78+E78)*(1+'Calculadora'!$C$29))) | K78: =IF(A78="","",J78/(1+'Calculadora'!$C$12)^(A78+1))
A79: =IF(72<'Calculadora'!$C$28,72,"") | B79: =IF(A79="","",'Calculadora'!$C$7+A79) | C79: =IF(A79="","",'Calculadora'!$C$8*(1+'Calculadora'!$C$13)^A79) | D79: =IF(A79="","",('Calculadora'!$C$9+IF(AND(B79>='Calculadora'!$C$21,B79<='Calculadora'!$C$22),'Calculadora'!$C$20,0))*(1+'Calculadora'!$C$12)^A79) | E79: =IF(A79="","",IF(AND(B79>='Calculadora'!$C$24,B79<='Calculadora'!$C$25),'Calculadora'!$C$23,0)*(1+'Calculadora'!$C$12)^A79) | F79: =IF(A79="","",F78*(1+'Calculadora'!$C$29)+C78+E78-D78) | G79: =IF(A79="","",D79-E79+IF(A80="",0,MAX(0,G80/(1+'Calculadora'!$C$29)))) | H79: =IF(A79="","",IF('Calculadora'!$C$16="Con la regla del 4 %",IF(F79*'Calculadora'!$C$17>=D79-E79-1E-9,"Sí","No"),IF(F79>=G79-0.005,"Sí","No"))) | I79: =IF(A79="","",J78) | J79: =IF(A79="","",IF(A79<IF(ISNUMBER('Calculadora'!$C$30),'Calculadora'!$C$30,'Calculadora'!$C$28),I79*(1+'Calculadora'!$C$29)+C79+E79-D79,MAX(0,I79-D79+E79)*(1+'Calculadora'!$C$29))) | K79: =IF(A79="","",J79/(1+'Calculadora'!$C$12)^(A79+1))
A80: =IF(73<'Calculadora'!$C$28,73,"") | B80: =IF(A80="","",'Calculadora'!$C$7+A80) | C80: =IF(A80="","",'Calculadora'!$C$8*(1+'Calculadora'!$C$13)^A80) | D80: =IF(A80="","",('Calculadora'!$C$9+IF(AND(B80>='Calculadora'!$C$21,B80<='Calculadora'!$C$22),'Calculadora'!$C$20,0))*(1+'Calculadora'!$C$12)^A80) | E80: =IF(A80="","",IF(AND(B80>='Calculadora'!$C$24,B80<='Calculadora'!$C$25),'Calculadora'!$C$23,0)*(1+'Calculadora'!$C$12)^A80) | F80: =IF(A80="","",F79*(1+'Calculadora'!$C$29)+C79+E79-D79) | G80: =IF(A80="","",D80-E80+IF(A81="",0,MAX(0,G81/(1+'Calculadora'!$C$29)))) | H80: =IF(A80="","",IF('Calculadora'!$C$16="Con la regla del 4 %",IF(F80*'Calculadora'!$C$17>=D80-E80-1E-9,"Sí","No"),IF(F80>=G80-0.005,"Sí","No"))) | I80: =IF(A80="","",J79) | J80: =IF(A80="","",IF(A80<IF(ISNUMBER('Calculadora'!$C$30),'Calculadora'!$C$30,'Calculadora'!$C$28),I80*(1+'Calculadora'!$C$29)+C80+E80-D80,MAX(0,I80-D80+E80)*(1+'Calculadora'!$C$29))) | K80: =IF(A80="","",J80/(1+'Calculadora'!$C$12)^(A80+1))
A81: =IF(74<'Calculadora'!$C$28,74,"") | B81: =IF(A81="","",'Calculadora'!$C$7+A81) | C81: =IF(A81="","",'Calculadora'!$C$8*(1+'Calculadora'!$C$13)^A81) | D81: =IF(A81="","",('Calculadora'!$C$9+IF(AND(B81>='Calculadora'!$C$21,B81<='Calculadora'!$C$22),'Calculadora'!$C$20,0))*(1+'Calculadora'!$C$12)^A81) | E81: =IF(A81="","",IF(AND(B81>='Calculadora'!$C$24,B81<='Calculadora'!$C$25),'Calculadora'!$C$23,0)*(1+'Calculadora'!$C$12)^A81) | F81: =IF(A81="","",F80*(1+'Calculadora'!$C$29)+C80+E80-D80) | G81: =IF(A81="","",D81-E81+IF(A82="",0,MAX(0,G82/(1+'Calculadora'!$C$29)))) | H81: =IF(A81="","",IF('Calculadora'!$C$16="Con la regla del 4 %",IF(F81*'Calculadora'!$C$17>=D81-E81-1E-9,"Sí","No"),IF(F81>=G81-0.005,"Sí","No"))) | I81: =IF(A81="","",J80) | J81: =IF(A81="","",IF(A81<IF(ISNUMBER('Calculadora'!$C$30),'Calculadora'!$C$30,'Calculadora'!$C$28),I81*(1+'Calculadora'!$C$29)+C81+E81-D81,MAX(0,I81-D81+E81)*(1+'Calculadora'!$C$29))) | K81: =IF(A81="","",J81/(1+'Calculadora'!$C$12)^(A81+1))
A82: =IF(75<'Calculadora'!$C$28,75,"") | B82: =IF(A82="","",'Calculadora'!$C$7+A82) | C82: =IF(A82="","",'Calculadora'!$C$8*(1+'Calculadora'!$C$13)^A82) | D82: =IF(A82="","",('Calculadora'!$C$9+IF(AND(B82>='Calculadora'!$C$21,B82<='Calculadora'!$C$22),'Calculadora'!$C$20,0))*(1+'Calculadora'!$C$12)^A82) | E82: =IF(A82="","",IF(AND(B82>='Calculadora'!$C$24,B82<='Calculadora'!$C$25),'Calculadora'!$C$23,0)*(1+'Calculadora'!$C$12)^A82) | F82: =IF(A82="","",F81*(1+'Calculadora'!$C$29)+C81+E81-D81) | G82: =IF(A82="","",D82-E82+IF(A83="",0,MAX(0,G83/(1+'Calculadora'!$C$29)))) | H82: =IF(A82="","",IF('Calculadora'!$C$16="Con la regla del 4 %",IF(F82*'Calculadora'!$C$17>=D82-E82-1E-9,"Sí","No"),IF(F82>=G82-0.005,"Sí","No"))) | I82: =IF(A82="","",J81) | J82: =IF(A82="","",IF(A82<IF(ISNUMBER('Calculadora'!$C$30),'Calculadora'!$C$30,'Calculadora'!$C$28),I82*(1+'Calculadora'!$C$29)+C82+E82-D82,MAX(0,I82-D82+E82)*(1+'Calculadora'!$C$29))) | K82: =IF(A82="","",J82/(1+'Calculadora'!$C$12)^(A82+1))
A83: =IF(76<'Calculadora'!$C$28,76,"") | B83: =IF(A83="","",'Calculadora'!$C$7+A83) | C83: =IF(A83="","",'Calculadora'!$C$8*(1+'Calculadora'!$C$13)^A83) | D83: =IF(A83="","",('Calculadora'!$C$9+IF(AND(B83>='Calculadora'!$C$21,B83<='Calculadora'!$C$22),'Calculadora'!$C$20,0))*(1+'Calculadora'!$C$12)^A83) | E83: =IF(A83="","",IF(AND(B83>='Calculadora'!$C$24,B83<='Calculadora'!$C$25),'Calculadora'!$C$23,0)*(1+'Calculadora'!$C$12)^A83) | F83: =IF(A83="","",F82*(1+'Calculadora'!$C$29)+C82+E82-D82) | G83: =IF(A83="","",D83-E83+IF(A84="",0,MAX(0,G84/(1+'Calculadora'!$C$29)))) | H83: =IF(A83="","",IF('Calculadora'!$C$16="Con la regla del 4 %",IF(F83*'Calculadora'!$C$17>=D83-E83-1E-9,"Sí","No"),IF(F83>=G83-0.005,"Sí","No"))) | I83: =IF(A83="","",J82) | J83: =IF(A83="","",IF(A83<IF(ISNUMBER('Calculadora'!$C$30),'Calculadora'!$C$30,'Calculadora'!$C$28),I83*(1+'Calculadora'!$C$29)+C83+E83-D83,MAX(0,I83-D83+E83)*(1+'Calculadora'!$C$29))) | K83: =IF(A83="","",J83/(1+'Calculadora'!$C$12)^(A83+1))
A84: =IF(77<'Calculadora'!$C$28,77,"") | B84: =IF(A84="","",'Calculadora'!$C$7+A84) | C84: =IF(A84="","",'Calculadora'!$C$8*(1+'Calculadora'!$C$13)^A84) | D84: =IF(A84="","",('Calculadora'!$C$9+IF(AND(B84>='Calculadora'!$C$21,B84<='Calculadora'!$C$22),'Calculadora'!$C$20,0))*(1+'Calculadora'!$C$12)^A84) | E84: =IF(A84="","",IF(AND(B84>='Calculadora'!$C$24,B84<='Calculadora'!$C$25),'Calculadora'!$C$23,0)*(1+'Calculadora'!$C$12)^A84) | F84: =IF(A84="","",F83*(1+'Calculadora'!$C$29)+C83+E83-D83) | G84: =IF(A84="","",D84-E84+IF(A85="",0,MAX(0,G85/(1+'Calculadora'!$C$29)))) | H84: =IF(A84="","",IF('Calculadora'!$C$16="Con la regla del 4 %",IF(F84*'Calculadora'!$C$17>=D84-E84-1E-9,"Sí","No"),IF(F84>=G84-0.005,"Sí","No"))) | I84: =IF(A84="","",J83) | J84: =IF(A84="","",IF(A84<IF(ISNUMBER('Calculadora'!$C$30),'Calculadora'!$C$30,'Calculadora'!$C$28),I84*(1+'Calculadora'!$C$29)+C84+E84-D84,MAX(0,I84-D84+E84)*(1+'Calculadora'!$C$29))) | K84: =IF(A84="","",J84/(1+'Calculadora'!$C$12)^(A84+1))
A85: =IF(78<'Calculadora'!$C$28,78,"") | B85: =IF(A85="","",'Calculadora'!$C$7+A85) | C85: =IF(A85="","",'Calculadora'!$C$8*(1+'Calculadora'!$C$13)^A85) | D85: =IF(A85="","",('Calculadora'!$C$9+IF(AND(B85>='Calculadora'!$C$21,B85<='Calculadora'!$C$22),'Calculadora'!$C$20,0))*(1+'Calculadora'!$C$12)^A85) | E85: =IF(A85="","",IF(AND(B85>='Calculadora'!$C$24,B85<='Calculadora'!$C$25),'Calculadora'!$C$23,0)*(1+'Calculadora'!$C$12)^A85) | F85: =IF(A85="","",F84*(1+'Calculadora'!$C$29)+C84+E84-D84) | G85: =IF(A85="","",D85-E85+IF(A86="",0,MAX(0,G86/(1+'Calculadora'!$C$29)))) | H85: =IF(A85="","",IF('Calculadora'!$C$16="Con la regla del 4 %",IF(F85*'Calculadora'!$C$17>=D85-E85-1E-9,"Sí","No"),IF(F85>=G85-0.005,"Sí","No"))) | I85: =IF(A85="","",J84) | J85: =IF(A85="","",IF(A85<IF(ISNUMBER('Calculadora'!$C$30),'Calculadora'!$C$30,'Calculadora'!$C$28),I85*(1+'Calculadora'!$C$29)+C85+E85-D85,MAX(0,I85-D85+E85)*(1+'Calculadora'!$C$29))) | K85: =IF(A85="","",J85/(1+'Calculadora'!$C$12)^(A85+1))
A86: =IF(79<'Calculadora'!$C$28,79,"") | B86: =IF(A86="","",'Calculadora'!$C$7+A86) | C86: =IF(A86="","",'Calculadora'!$C$8*(1+'Calculadora'!$C$13)^A86) | D86: =IF(A86="","",('Calculadora'!$C$9+IF(AND(B86>='Calculadora'!$C$21,B86<='Calculadora'!$C$22),'Calculadora'!$C$20,0))*(1+'Calculadora'!$C$12)^A86) | E86: =IF(A86="","",IF(AND(B86>='Calculadora'!$C$24,B86<='Calculadora'!$C$25),'Calculadora'!$C$23,0)*(1+'Calculadora'!$C$12)^A86) | F86: =IF(A86="","",F85*(1+'Calculadora'!$C$29)+C85+E85-D85) | G86: =IF(A86="","",D86-E86+IF(A87="",0,MAX(0,G87/(1+'Calculadora'!$C$29)))) | H86: =IF(A86="","",IF('Calculadora'!$C$16="Con la regla del 4 %",IF(F86*'Calculadora'!$C$17>=D86-E86-1E-9,"Sí","No"),IF(F86>=G86-0.005,"Sí","No"))) | I86: =IF(A86="","",J85) | J86: =IF(A86="","",IF(A86<IF(ISNUMBER('Calculadora'!$C$30),'Calculadora'!$C$30,'Calculadora'!$C$28),I86*(1+'Calculadora'!$C$29)+C86+E86-D86,MAX(0,I86-D86+E86)*(1+'Calculadora'!$C$29))) | K86: =IF(A86="","",J86/(1+'Calculadora'!$C$12)^(A86+1))
A87: =IF(80<'Calculadora'!$C$28,80,"") | B87: =IF(A87="","",'Calculadora'!$C$7+A87) | C87: =IF(A87="","",'Calculadora'!$C$8*(1+'Calculadora'!$C$13)^A87) | D87: =IF(A87="","",('Calculadora'!$C$9+IF(AND(B87>='Calculadora'!$C$21,B87<='Calculadora'!$C$22),'Calculadora'!$C$20,0))*(1+'Calculadora'!$C$12)^A87) | E87: =IF(A87="","",IF(AND(B87>='Calculadora'!$C$24,B87<='Calculadora'!$C$25),'Calculadora'!$C$23,0)*(1+'Calculadora'!$C$12)^A87) | F87: =IF(A87="","",F86*(1+'Calculadora'!$C$29)+C86+E86-D86) | G87: =IF(A87="","",D87-E87+IF(A88="",0,MAX(0,G88/(1+'Calculadora'!$C$29)))) | H87: =IF(A87="","",IF('Calculadora'!$C$16="Con la regla del 4 %",IF(F87*'Calculadora'!$C$17>=D87-E87-1E-9,"Sí","No"),IF(F87>=G87-0.005,"Sí","No"))) | I87: =IF(A87="","",J86) | J87: =IF(A87="","",IF(A87<IF(ISNUMBER('Calculadora'!$C$30),'Calculadora'!$C$30,'Calculadora'!$C$28),I87*(1+'Calculadora'!$C$29)+C87+E87-D87,MAX(0,I87-D87+E87)*(1+'Calculadora'!$C$29))) | K87: =IF(A87="","",J87/(1+'Calculadora'!$C$12)^(A87+1))
A88: =IF(81<'Calculadora'!$C$28,81,"") | B88: =IF(A88="","",'Calculadora'!$C$7+A88) | C88: =IF(A88="","",'Calculadora'!$C$8*(1+'Calculadora'!$C$13)^A88) | D88: =IF(A88="","",('Calculadora'!$C$9+IF(AND(B88>='Calculadora'!$C$21,B88<='Calculadora'!$C$22),'Calculadora'!$C$20,0))*(1+'Calculadora'!$C$12)^A88) | E88: =IF(A88="","",IF(AND(B88>='Calculadora'!$C$24,B88<='Calculadora'!$C$25),'Calculadora'!$C$23,0)*(1+'Calculadora'!$C$12)^A88) | F88: =IF(A88="","",F87*(1+'Calculadora'!$C$29)+C87+E87-D87) | G88: =IF(A88="","",D88-E88+IF(A89="",0,MAX(0,G89/(1+'Calculadora'!$C$29)))) | H88: =IF(A88="","",IF('Calculadora'!$C$16="Con la regla del 4 %",IF(F88*'Calculadora'!$C$17>=D88-E88-1E-9,"Sí","No"),IF(F88>=G88-0.005,"Sí","No"))) | I88: =IF(A88="","",J87) | J88: =IF(A88="","",IF(A88<IF(ISNUMBER('Calculadora'!$C$30),'Calculadora'!$C$30,'Calculadora'!$C$28),I88*(1+'Calculadora'!$C$29)+C88+E88-D88,MAX(0,I88-D88+E88)*(1+'Calculadora'!$C$29))) | K88: =IF(A88="","",J88/(1+'Calculadora'!$C$12)^(A88+1))
A89: =IF(82<'Calculadora'!$C$28,82,"") | B89: =IF(A89="","",'Calculadora'!$C$7+A89) | C89: =IF(A89="","",'Calculadora'!$C$8*(1+'Calculadora'!$C$13)^A89) | D89: =IF(A89="","",('Calculadora'!$C$9+IF(AND(B89>='Calculadora'!$C$21,B89<='Calculadora'!$C$22),'Calculadora'!$C$20,0))*(1+'Calculadora'!$C$12)^A89) | E89: =IF(A89="","",IF(AND(B89>='Calculadora'!$C$24,B89<='Calculadora'!$C$25),'Calculadora'!$C$23,0)*(1+'Calculadora'!$C$12)^A89) | F89: =IF(A89="","",F88*(1+'Calculadora'!$C$29)+C88+E88-D88) | G89: =IF(A89="","",D89-E89+IF(A90="",0,MAX(0,G90/(1+'Calculadora'!$C$29)))) | H89: =IF(A89="","",IF('Calculadora'!$C$16="Con la regla del 4 %",IF(F89*'Calculadora'!$C$17>=D89-E89-1E-9,"Sí","No"),IF(F89>=G89-0.005,"Sí","No"))) | I89: =IF(A89="","",J88) | J89: =IF(A89="","",IF(A89<IF(ISNUMBER('Calculadora'!$C$30),'Calculadora'!$C$30,'Calculadora'!$C$28),I89*(1+'Calculadora'!$C$29)+C89+E89-D89,MAX(0,I89-D89+E89)*(1+'Calculadora'!$C$29))) | K89: =IF(A89="","",J89/(1+'Calculadora'!$C$12)^(A89+1))
A90: =IF(83<'Calculadora'!$C$28,83,"") | B90: =IF(A90="","",'Calculadora'!$C$7+A90) | C90: =IF(A90="","",'Calculadora'!$C$8*(1+'Calculadora'!$C$13)^A90) | D90: =IF(A90="","",('Calculadora'!$C$9+IF(AND(B90>='Calculadora'!$C$21,B90<='Calculadora'!$C$22),'Calculadora'!$C$20,0))*(1+'Calculadora'!$C$12)^A90) | E90: =IF(A90="","",IF(AND(B90>='Calculadora'!$C$24,B90<='Calculadora'!$C$25),'Calculadora'!$C$23,0)*(1+'Calculadora'!$C$12)^A90) | F90: =IF(A90="","",F89*(1+'Calculadora'!$C$29)+C89+E89-D89) | G90: =IF(A90="","",D90-E90+IF(A91="",0,MAX(0,G91/(1+'Calculadora'!$C$29)))) | H90: =IF(A90="","",IF('Calculadora'!$C$16="Con la regla del 4 %",IF(F90*'Calculadora'!$C$17>=D90-E90-1E-9,"Sí","No"),IF(F90>=G90-0.005,"Sí","No"))) | I90: =IF(A90="","",J89) | J90: =IF(A90="","",IF(A90<IF(ISNUMBER('Calculadora'!$C$30),'Calculadora'!$C$30,'Calculadora'!$C$28),I90*(1+'Calculadora'!$C$29)+C90+E90-D90,MAX(0,I90-D90+E90)*(1+'Calculadora'!$C$29))) | K90: =IF(A90="","",J90/(1+'Calculadora'!$C$12)^(A90+1))
A91: =IF(84<'Calculadora'!$C$28,84,"") | B91: =IF(A91="","",'Calculadora'!$C$7+A91) | C91: =IF(A91="","",'Calculadora'!$C$8*(1+'Calculadora'!$C$13)^A91) | D91: =IF(A91="","",('Calculadora'!$C$9+IF(AND(B91>='Calculadora'!$C$21,B91<='Calculadora'!$C$22),'Calculadora'!$C$20,0))*(1+'Calculadora'!$C$12)^A91) | E91: =IF(A91="","",IF(AND(B91>='Calculadora'!$C$24,B91<='Calculadora'!$C$25),'Calculadora'!$C$23,0)*(1+'Calculadora'!$C$12)^A91) | F91: =IF(A91="","",F90*(1+'Calculadora'!$C$29)+C90+E90-D90) | G91: =IF(A91="","",D91-E91+IF(A92="",0,MAX(0,G92/(1+'Calculadora'!$C$29)))) | H91: =IF(A91="","",IF('Calculadora'!$C$16="Con la regla del 4 %",IF(F91*'Calculadora'!$C$17>=D91-E91-1E-9,"Sí","No"),IF(F91>=G91-0.005,"Sí","No"))) | I91: =IF(A91="","",J90) | J91: =IF(A91="","",IF(A91<IF(ISNUMBER('Calculadora'!$C$30),'Calculadora'!$C$30,'Calculadora'!$C$28),I91*(1+'Calculadora'!$C$29)+C91+E91-D91,MAX(0,I91-D91+E91)*(1+'Calculadora'!$C$29))) | K91: =IF(A91="","",J91/(1+'Calculadora'!$C$12)^(A91+1))
A92: =IF(85<'Calculadora'!$C$28,85,"") | B92: =IF(A92="","",'Calculadora'!$C$7+A92) | C92: =IF(A92="","",'Calculadora'!$C$8*(1+'Calculadora'!$C$13)^A92) | D92: =IF(A92="","",('Calculadora'!$C$9+IF(AND(B92>='Calculadora'!$C$21,B92<='Calculadora'!$C$22),'Calculadora'!$C$20,0))*(1+'Calculadora'!$C$12)^A92) | E92: =IF(A92="","",IF(AND(B92>='Calculadora'!$C$24,B92<='Calculadora'!$C$25),'Calculadora'!$C$23,0)*(1+'Calculadora'!$C$12)^A92) | F92: =IF(A92="","",F91*(1+'Calculadora'!$C$29)+C91+E91-D91) | G92: =IF(A92="","",D92-E92+IF(A93="",0,MAX(0,G93/(1+'Calculadora'!$C$29)))) | H92: =IF(A92="","",IF('Calculadora'!$C$16="Con la regla del 4 %",IF(F92*'Calculadora'!$C$17>=D92-E92-1E-9,"Sí","No"),IF(F92>=G92-0.005,"Sí","No"))) | I92: =IF(A92="","",J91) | J92: =IF(A92="","",IF(A92<IF(ISNUMBER('Calculadora'!$C$30),'Calculadora'!$C$30,'Calculadora'!$C$28),I92*(1+'Calculadora'!$C$29)+C92+E92-D92,MAX(0,I92-D92+E92)*(1+'Calculadora'!$C$29))) | K92: =IF(A92="","",J92/(1+'Calculadora'!$C$12)^(A92+1))
A93: =IF(86<'Calculadora'!$C$28,86,"") | B93: =IF(A93="","",'Calculadora'!$C$7+A93) | C93: =IF(A93="","",'Calculadora'!$C$8*(1+'Calculadora'!$C$13)^A93) | D93: =IF(A93="","",('Calculadora'!$C$9+IF(AND(B93>='Calculadora'!$C$21,B93<='Calculadora'!$C$22),'Calculadora'!$C$20,0))*(1+'Calculadora'!$C$12)^A93) | E93: =IF(A93="","",IF(AND(B93>='Calculadora'!$C$24,B93<='Calculadora'!$C$25),'Calculadora'!$C$23,0)*(1+'Calculadora'!$C$12)^A93) | F93: =IF(A93="","",F92*(1+'Calculadora'!$C$29)+C92+E92-D92) | G93: =IF(A93="","",D93-E93+IF(A94="",0,MAX(0,G94/(1+'Calculadora'!$C$29)))) | H93: =IF(A93="","",IF('Calculadora'!$C$16="Con la regla del 4 %",IF(F93*'Calculadora'!$C$17>=D93-E93-1E-9,"Sí","No"),IF(F93>=G93-0.005,"Sí","No"))) | I93: =IF(A93="","",J92) | J93: =IF(A93="","",IF(A93<IF(ISNUMBER('Calculadora'!$C$30),'Calculadora'!$C$30,'Calculadora'!$C$28),I93*(1+'Calculadora'!$C$29)+C93+E93-D93,MAX(0,I93-D93+E93)*(1+'Calculadora'!$C$29))) | K93: =IF(A93="","",J93/(1+'Calculadora'!$C$12)^(A93+1))
A94: =IF(87<'Calculadora'!$C$28,87,"") | B94: =IF(A94="","",'Calculadora'!$C$7+A94) | C94: =IF(A94="","",'Calculadora'!$C$8*(1+'Calculadora'!$C$13)^A94) | D94: =IF(A94="","",('Calculadora'!$C$9+IF(AND(B94>='Calculadora'!$C$21,B94<='Calculadora'!$C$22),'Calculadora'!$C$20,0))*(1+'Calculadora'!$C$12)^A94) | E94: =IF(A94="","",IF(AND(B94>='Calculadora'!$C$24,B94<='Calculadora'!$C$25),'Calculadora'!$C$23,0)*(1+'Calculadora'!$C$12)^A94) | F94: =IF(A94="","",F93*(1+'Calculadora'!$C$29)+C93+E93-D93) | G94: =IF(A94="","",D94-E94+IF(A95="",0,MAX(0,G95/(1+'Calculadora'!$C$29)))) | H94: =IF(A94="","",IF('Calculadora'!$C$16="Con la regla del 4 %",IF(F94*'Calculadora'!$C$17>=D94-E94-1E-9,"Sí","No"),IF(F94>=G94-0.005,"Sí","No"))) | I94: =IF(A94="","",J93) | J94: =IF(A94="","",IF(A94<IF(ISNUMBER('Calculadora'!$C$30),'Calculadora'!$C$30,'Calculadora'!$C$28),I94*(1+'Calculadora'!$C$29)+C94+E94-D94,MAX(0,I94-D94+E94)*(1+'Calculadora'!$C$29))) | K94: =IF(A94="","",J94/(1+'Calculadora'!$C$12)^(A94+1))
A95: =IF(88<'Calculadora'!$C$28,88,"") | B95: =IF(A95="","",'Calculadora'!$C$7+A95) | C95: =IF(A95="","",'Calculadora'!$C$8*(1+'Calculadora'!$C$13)^A95) | D95: =IF(A95="","",('Calculadora'!$C$9+IF(AND(B95>='Calculadora'!$C$21,B95<='Calculadora'!$C$22),'Calculadora'!$C$20,0))*(1+'Calculadora'!$C$12)^A95) | E95: =IF(A95="","",IF(AND(B95>='Calculadora'!$C$24,B95<='Calculadora'!$C$25),'Calculadora'!$C$23,0)*(1+'Calculadora'!$C$12)^A95) | F95: =IF(A95="","",F94*(1+'Calculadora'!$C$29)+C94+E94-D94) | G95: =IF(A95="","",D95-E95+IF(A96="",0,MAX(0,G96/(1+'Calculadora'!$C$29)))) | H95: =IF(A95="","",IF('Calculadora'!$C$16="Con la regla del 4 %",IF(F95*'Calculadora'!$C$17>=D95-E95-1E-9,"Sí","No"),IF(F95>=G95-0.005,"Sí","No"))) | I95: =IF(A95="","",J94) | J95: =IF(A95="","",IF(A95<IF(ISNUMBER('Calculadora'!$C$30),'Calculadora'!$C$30,'Calculadora'!$C$28),I95*(1+'Calculadora'!$C$29)+C95+E95-D95,MAX(0,I95-D95+E95)*(1+'Calculadora'!$C$29))) | K95: =IF(A95="","",J95/(1+'Calculadora'!$C$12)^(A95+1))
A96: =IF(89<'Calculadora'!$C$28,89,"") | B96: =IF(A96="","",'Calculadora'!$C$7+A96) | C96: =IF(A96="","",'Calculadora'!$C$8*(1+'Calculadora'!$C$13)^A96) | D96: =IF(A96="","",('Calculadora'!$C$9+IF(AND(B96>='Calculadora'!$C$21,B96<='Calculadora'!$C$22),'Calculadora'!$C$20,0))*(1+'Calculadora'!$C$12)^A96) | E96: =IF(A96="","",IF(AND(B96>='Calculadora'!$C$24,B96<='Calculadora'!$C$25),'Calculadora'!$C$23,0)*(1+'Calculadora'!$C$12)^A96) | F96: =IF(A96="","",F95*(1+'Calculadora'!$C$29)+C95+E95-D95) | G96: =IF(A96="","",D96-E96+IF(A97="",0,MAX(0,G97/(1+'Calculadora'!$C$29)))) | H96: =IF(A96="","",IF('Calculadora'!$C$16="Con la regla del 4 %",IF(F96*'Calculadora'!$C$17>=D96-E96-1E-9,"Sí","No"),IF(F96>=G96-0.005,"Sí","No"))) | I96: =IF(A96="","",J95) | J96: =IF(A96="","",IF(A96<IF(ISNUMBER('Calculadora'!$C$30),'Calculadora'!$C$30,'Calculadora'!$C$28),I96*(1+'Calculadora'!$C$29)+C96+E96-D96,MAX(0,I96-D96+E96)*(1+'Calculadora'!$C$29))) | K96: =IF(A96="","",J96/(1+'Calculadora'!$C$12)^(A96+1))
A97: =IF(90<'Calculadora'!$C$28,90,"") | B97: =IF(A97="","",'Calculadora'!$C$7+A97) | C97: =IF(A97="","",'Calculadora'!$C$8*(1+'Calculadora'!$C$13)^A97) | D97: =IF(A97="","",('Calculadora'!$C$9+IF(AND(B97>='Calculadora'!$C$21,B97<='Calculadora'!$C$22),'Calculadora'!$C$20,0))*(1+'Calculadora'!$C$12)^A97) | E97: =IF(A97="","",IF(AND(B97>='Calculadora'!$C$24,B97<='Calculadora'!$C$25),'Calculadora'!$C$23,0)*(1+'Calculadora'!$C$12)^A97) | F97: =IF(A97="","",F96*(1+'Calculadora'!$C$29)+C96+E96-D96) | G97: =IF(A97="","",D97-E97+IF(A98="",0,MAX(0,G98/(1+'Calculadora'!$C$29)))) | H97: =IF(A97="","",IF('Calculadora'!$C$16="Con la regla del 4 %",IF(F97*'Calculadora'!$C$17>=D97-E97-1E-9,"Sí","No"),IF(F97>=G97-0.005,"Sí","No"))) | I97: =IF(A97="","",J96) | J97: =IF(A97="","",IF(A97<IF(ISNUMBER('Calculadora'!$C$30),'Calculadora'!$C$30,'Calculadora'!$C$28),I97*(1+'Calculadora'!$C$29)+C97+E97-D97,MAX(0,I97-D97+E97)*(1+'Calculadora'!$C$29))) | K97: =IF(A97="","",J97/(1+'Calculadora'!$C$12)^(A97+1))
A98: =IF(91<'Calculadora'!$C$28,91,"") | B98: =IF(A98="","",'Calculadora'!$C$7+A98) | C98: =IF(A98="","",'Calculadora'!$C$8*(1+'Calculadora'!$C$13)^A98) | D98: =IF(A98="","",('Calculadora'!$C$9+IF(AND(B98>='Calculadora'!$C$21,B98<='Calculadora'!$C$22),'Calculadora'!$C$20,0))*(1+'Calculadora'!$C$12)^A98) | E98: =IF(A98="","",IF(AND(B98>='Calculadora'!$C$24,B98<='Calculadora'!$C$25),'Calculadora'!$C$23,0)*(1+'Calculadora'!$C$12)^A98) | F98: =IF(A98="","",F97*(1+'Calculadora'!$C$29)+C97+E97-D97) | G98: =IF(A98="","",D98-E98+IF(A99="",0,MAX(0,G99/(1+'Calculadora'!$C$29)))) | H98: =IF(A98="","",IF('Calculadora'!$C$16="Con la regla del 4 %",IF(F98*'Calculadora'!$C$17>=D98-E98-1E-9,"Sí","No"),IF(F98>=G98-0.005,"Sí","No"))) | I98: =IF(A98="","",J97) | J98: =IF(A98="","",IF(A98<IF(ISNUMBER('Calculadora'!$C$30),'Calculadora'!$C$30,'Calculadora'!$C$28),I98*(1+'Calculadora'!$C$29)+C98+E98-D98,MAX(0,I98-D98+E98)*(1+'Calculadora'!$C$29))) | K98: =IF(A98="","",J98/(1+'Calculadora'!$C$12)^(A98+1))
A99: =IF(92<'Calculadora'!$C$28,92,"") | B99: =IF(A99="","",'Calculadora'!$C$7+A99) | C99: =IF(A99="","",'Calculadora'!$C$8*(1+'Calculadora'!$C$13)^A99) | D99: =IF(A99="","",('Calculadora'!$C$9+IF(AND(B99>='Calculadora'!$C$21,B99<='Calculadora'!$C$22),'Calculadora'!$C$20,0))*(1+'Calculadora'!$C$12)^A99) | E99: =IF(A99="","",IF(AND(B99>='Calculadora'!$C$24,B99<='Calculadora'!$C$25),'Calculadora'!$C$23,0)*(1+'Calculadora'!$C$12)^A99) | F99: =IF(A99="","",F98*(1+'Calculadora'!$C$29)+C98+E98-D98) | G99: =IF(A99="","",D99-E99+IF(A100="",0,MAX(0,G100/(1+'Calculadora'!$C$29)))) | H99: =IF(A99="","",IF('Calculadora'!$C$16="Con la regla del 4 %",IF(F99*'Calculadora'!$C$17>=D99-E99-1E-9,"Sí","No"),IF(F99>=G99-0.005,"Sí","No"))) | I99: =IF(A99="","",J98) | J99: =IF(A99="","",IF(A99<IF(ISNUMBER('Calculadora'!$C$30),'Calculadora'!$C$30,'Calculadora'!$C$28),I99*(1+'Calculadora'!$C$29)+C99+E99-D99,MAX(0,I99-D99+E99)*(1+'Calculadora'!$C$29))) | K99: =IF(A99="","",J99/(1+'Calculadora'!$C$12)^(A99+1))
A100: =IF(93<'Calculadora'!$C$28,93,"") | B100: =IF(A100="","",'Calculadora'!$C$7+A100) | C100: =IF(A100="","",'Calculadora'!$C$8*(1+'Calculadora'!$C$13)^A100) | D100: =IF(A100="","",('Calculadora'!$C$9+IF(AND(B100>='Calculadora'!$C$21,B100<='Calculadora'!$C$22),'Calculadora'!$C$20,0))*(1+'Calculadora'!$C$12)^A100) | E100: =IF(A100="","",IF(AND(B100>='Calculadora'!$C$24,B100<='Calculadora'!$C$25),'Calculadora'!$C$23,0)*(1+'Calculadora'!$C$12)^A100) | F100: =IF(A100="","",F99*(1+'Calculadora'!$C$29)+C99+E99-D99) | G100: =IF(A100="","",D100-E100+IF(A101="",0,MAX(0,G101/(1+'Calculadora'!$C$29)))) | H100: =IF(A100="","",IF('Calculadora'!$C$16="Con la regla del 4 %",IF(F100*'Calculadora'!$C$17>=D100-E100-1E-9,"Sí","No"),IF(F100>=G100-0.005,"Sí","No"))) | I100: =IF(A100="","",J99) | J100: =IF(A100="","",IF(A100<IF(ISNUMBER('Calculadora'!$C$30),'Calculadora'!$C$30,'Calculadora'!$C$28),I100*(1+'Calculadora'!$C$29)+C100+E100-D100,MAX(0,I100-D100+E100)*(1+'Calculadora'!$C$29))) | K100: =IF(A100="","",J100/(1+'Calculadora'!$C$12)^(A100+1))
A101: =IF(94<'Calculadora'!$C$28,94,"") | B101: =IF(A101="","",'Calculadora'!$C$7+A101) | C101: =IF(A101="","",'Calculadora'!$C$8*(1+'Calculadora'!$C$13)^A101) | D101: =IF(A101="","",('Calculadora'!$C$9+IF(AND(B101>='Calculadora'!$C$21,B101<='Calculadora'!$C$22),'Calculadora'!$C$20,0))*(1+'Calculadora'!$C$12)^A101) | E101: =IF(A101="","",IF(AND(B101>='Calculadora'!$C$24,B101<='Calculadora'!$C$25),'Calculadora'!$C$23,0)*(1+'Calculadora'!$C$12)^A101) | F101: =IF(A101="","",F100*(1+'Calculadora'!$C$29)+C100+E100-D100) | G101: =IF(A101="","",D101-E101+IF(A102="",0,MAX(0,G102/(1+'Calculadora'!$C$29)))) | H101: =IF(A101="","",IF('Calculadora'!$C$16="Con la regla del 4 %",IF(F101*'Calculadora'!$C$17>=D101-E101-1E-9,"Sí","No"),IF(F101>=G101-0.005,"Sí","No"))) | I101: =IF(A101="","",J100) | J101: =IF(A101="","",IF(A101<IF(ISNUMBER('Calculadora'!$C$30),'Calculadora'!$C$30,'Calculadora'!$C$28),I101*(1+'Calculadora'!$C$29)+C101+E101-D101,MAX(0,I101-D101+E101)*(1+'Calculadora'!$C$29))) | K101: =IF(A101="","",J101/(1+'Calculadora'!$C$12)^(A101+1))
A102: =IF(95<'Calculadora'!$C$28,95,"") | B102: =IF(A102="","",'Calculadora'!$C$7+A102) | C102: =IF(A102="","",'Calculadora'!$C$8*(1+'Calculadora'!$C$13)^A102) | D102: =IF(A102="","",('Calculadora'!$C$9+IF(AND(B102>='Calculadora'!$C$21,B102<='Calculadora'!$C$22),'Calculadora'!$C$20,0))*(1+'Calculadora'!$C$12)^A102) | E102: =IF(A102="","",IF(AND(B102>='Calculadora'!$C$24,B102<='Calculadora'!$C$25),'Calculadora'!$C$23,0)*(1+'Calculadora'!$C$12)^A102) | F102: =IF(A102="","",F101*(1+'Calculadora'!$C$29)+C101+E101-D101) | G102: =IF(A102="","",D102-E102+IF(A103="",0,MAX(0,G103/(1+'Calculadora'!$C$29)))) | H102: =IF(A102="","",IF('Calculadora'!$C$16="Con la regla del 4 %",IF(F102*'Calculadora'!$C$17>=D102-E102-1E-9,"Sí","No"),IF(F102>=G102-0.005,"Sí","No"))) | I102: =IF(A102="","",J101) | J102: =IF(A102="","",IF(A102<IF(ISNUMBER('Calculadora'!$C$30),'Calculadora'!$C$30,'Calculadora'!$C$28),I102*(1+'Calculadora'!$C$29)+C102+E102-D102,MAX(0,I102-D102+E102)*(1+'Calculadora'!$C$29))) | K102: =IF(A102="","",J102/(1+'Calculadora'!$C$12)^(A102+1))
...

Sheet Cómo se usa
B2: Cómo se usa la plantilla de independencia financiera
B4: 1. Escribe tu edad, lo que ingresas y gastas al año, lo que ya tienes y la rentabilidad que esperas.
B5: 2. Por defecto, eres independiente cuando tu dinero te dura hasta la edad que elijas (95 años), retirando cada año tus gastos subidos con la inflación.
B6: 3. También puedes usar la regla del 4 %: eres independiente cuando el 4 % de lo que tienes cubre los gastos de un año.
B7: 4. Si tendrás un gasto o un ingreso solo unos años (estudios de tus hijos, pensión pública), añádelo con precios de hoy.
B8: 5. En «Año a año» ves, edad por edad, cuánto tendrías y cuánto necesitas.
B10: La rentabilidad no está garantizada. Prueba con 1 o 2 puntos menos para ver un escenario prudente.
B11: Las celdas naranjas son las que puedes cambiar. Las demás llevan fórmulas: si las borras, la plantilla deja de calcular.
B12: Funciona en Excel, en Google Sheets (súbela a Drive y ábrela con Hojas de cálculo) y en LibreOffice. No tiene macros.
B13: Las cifras no llevan símbolo de moneda: sirve para euros, pesos, dólares o cualquier otra.
B14: Es una estimación orientativa con las fórmulas habituales. Para una decisión importante, compara con la oferta o el contrato reales.
B16: Calculadora online con estos mismos cálculos: skilio.com/calculadoras/independencia-financiera/
